Cogmind - Beta 9.2 @@@ ROGUE MODE // 2019.12.01 @ 14:19:49 Player: Valguris Result: Establishing 0b11! Performance ------------- Evolutions (9) 4500 Regions Visited (44) 8800 Robots Destroyed (634) 3170 Value Destroyed (34774) 34774 Prototype IDs (234) 4680 Alien Tech Used (13) 2600 Bonus (58547) 58547 TOTAL SCORE: 117071 Bonus ------- Triggered High Security 500 High Alert Combat Kills 15040 Follower Combat Kills 3536 Entered Garrisons 400 Used RIF Installer 1000 Network Hubs Disabled 800 Met Data Miner 300 Used Data Conduit 3000 MAIN.C Attacked Warlord 500 Built Enhanced Grunts 300 A7 Reached Mainframe 300 Met R17 at Cetus 500 Found Hidden Lab 3000 Decrypted A0 Command 3000 Met R17 at Research 2000 Pursued by Intercept 2500 Destroyed MAIN.C Guards 500 Met MAIN.C 5000 Hacked MAIN.C 300 Destroyed MAIN.C Shell 5000 Destroyed MAIN.C 10000 Met Architect 300 Destroyed A8 300 Destroyed A6 400 Win 3000 Friendly Fire -2929 Cogmind --------- Core Integrity 197/1600 Matter 103/300 Energy 1098/1100 System Corruption 0% Temperature Cool (2) Movement Hovering (160) Ox1 Location 0b11 Command Parts ------- > --- POWER (2) -------- (None) > --- PROPULSION (7) --- Combat Linear Gravjet > --- UTILITY (15) ----- Large Storage Unit Large Storage Unit Large Storage Unit Experimental Energy Well Experimental Targeting Computer Experimental Targeting Computer Advanced Target Analyzer > --- WEAPON (2) ------- Hypervelocity Linear Accelerator Compact Tesla Bomb Launcher > --- INVENTORY (22) --- Combat Linear Gravjet Large Storage Unit Experimental Energy Well (1000) Experimental Matter Compressor (0) Advanced Kinecellerator Advanced Weapon Cycler Advanced Thermal Shield EMDS Enhanced Nova Cannon Enhanced Nova Cannon Core Cannon Graviton Cannon Graviton Cannon Advanced Remote Datajack Peak State ------------ > --- POWER ------------ Improved Quantum Reactor Zero-point Reactor > --- PROPULSION ------- Cooled Antigrav System Cooled Antigrav System Cooled Antigrav System Cooled Antigrav System Cooled Antigrav System Combat Linear Gravjet Combat Linear Gravjet > --- UTILITY ---------- Large Storage Unit Large Storage Unit Large Storage Unit Large Storage Unit Large Storage Unit Experimental Energy Well Experimental Energy Well Experimental Targeting Computer Experimental Targeting Computer Advanced Target Analyzer Advanced Armor Integrity Analyzer Advanced Reaction Control System Experimental Powered Armor Thermal Barrier Advanced Force Field > --- WEAPON ----------- Supercharged Sigix Terminator > --- INVENTORY -------- Improved Quantum Reactor Improved Quantum Reactor Zero-point Reactor Cooled Antigrav System Cooled Antigrav System Cooled Antigrav System Cooled Antigrav System Combat Linear Gravjet Combat Linear Gravjet Experimental Energy Well Experimental Matter Compressor Experimental Core Analyzer Advanced Kinecellerator Advanced Weapon Cycler Advanced Reaction Control System Improved Weapon Shielding Heavy Regenerative Plating Experimental Focal Shield Advanced Thermal Shield EM Dispersion Field Advanced Force Field High-powered Transdimensional Reconstructor EMDS Enhanced Nova Cannon Enhanced Nova Cannon Core Cannon Graviton Cannon Graviton Cannon Compact Tesla Bomb Launcher Compact Tesla Bomb Launcher Advanced Remote Datajack [Rating: 228] Favorites ----------- Power Compact Particle Reactor Engine Heavy Ion Engine Power Core Light Nuclear Core Reactor Compact Particle Reactor Propulsion Combat Airjet Treads Light Treads Leg Carbon-fiber Leg Hover Unit Combat Airjet Utility Large Storage Unit Device Long-range Terrain Scanner Storage Large Storage Unit Processor Experimental Targeting Computer Hackware Relay Coupler [NC] Protection Medium Armor Plating Weapon Advanced Beam Cannon Energy Gun Medium Laser Energy Cannon Advanced Beam Cannon Ballistic Gun Improved KE Penetrator Ballistic Cannon Light Cannon Launcher Mini Grenade Launcher Special Weapon Remote Datajack Slashing Weapon Chainsword Special Melee Weapon Datajack Build | -11 -10 -10 -9 -9 -9 -8 -8 -8 -8 -7 -7 -7 -7 -7 -7 -6 -6 -6 -6 -6 -6 -6 -6 -5 -5 -5 -5 -5 -5 -4 -4 -4 -4 -4 -4 -3 -3 -3 -2 -2 -2 -1 -1 -1 ------- Run | Scr Mat Min Mat Min Exi Min Mat Gar Mat Fac Was Fac Low Low Dat Pro Fac Was Fac Ext Cet Arc Hub Fac Was Fac Upp Upp War Pro Fac Was Fac Arm Lab Res Qua Gar Res Tes Sec Acc Com Ac0 Slots Evolved 18 | . . . 2 . . . 2 . . 2 . . . . . . 2 . . . . . . 2 . . . . . . 2 . . . . 2 . . 2 . . 2 . . Power 1 | . . . . . . . . . . . . . . . . . . . . . . . . 1 . . . . . . . . . . . . . . . . . . . . Propulsion 4 | . . . . . . . 1 . . 1 . . . . . . . . . . . . . 1 . . . . . . 1 . . . . . . . . . . . . . Utility 13 | . . . 2 . . . 1 . . 1 . . . . . . 2 . . . . . . . . . . . . . 1 . . . . 2 . . 2 . . 2 . . Weapon . | . . . . . . . . . . . . . . . . . . . . . . . . . . . . . . . . . . . . . . . . . . . . . Parts Attached 971 | 6 6 7 10 4 5 15 27 7 49 14 4 32 9 21 23 5 4 7 14 29 18 23 12 38 7 36 9 1 . 7 17 6 47 93 14 5 15 3 53 9 128 6 73 53 Power 41 | 1 . 1 1 1 . . 1 . . 1 1 3 . . 1 . . . 1 1 1 1 . . . 3 . . . . 1 3 2 2 . . . . 2 . 6 . 2 5 Engine 6 | 1 . 1 1 . . . 1 . . 1 . . . . . . . . . . . . . . . 1 . . . . . . . . . . . . . . . . . . Core 7 | . . . . 1 . . . . . . 1 3 . . 1 . . . 1 . . . . . . . . . . . . . . . . . . . . . . . . . Reactor 28 | . . . . . . . . . . . . . . . . . . . . 1 1 1 . . . 2 . . . . 1 3 2 2 . . . . 2 . 6 . 2 5 Propulsion 122 | 2 1 . 1 2 . 1 9 . 4 4 . 2 . . 3 . 1 . 2 7 . 2 3 11 1 5 1 . . . 2 . 12 11 . . 1 . 8 . 14 . 2 10 Treads 25 | 2 1 . 1 2 . 1 8 . 4 . . . . . . . . . . . . . . 1 . . . . . . . . 1 1 . . . . 1 . 2 . . . Leg 1 | . . . . . . . . . . . . . . . . . . . . 1 . . . . . . . . . . . . . . . . . . . . . . . . Wheel . | . . . . . . . . . . . . . . . . . . . . . . . . . . . . . . . . . . . . . . . . . . . . . Hover 96 | . . . . . . . 1 . . 4 . 2 . . 3 . 1 . 2 6 . 2 3 10 1 5 1 . . . 2 . 11 10 . . 1 . 7 . 12 . 2 10 Flight . | . . . . . . . . . . . . . . . . . . . . . . . . . . . . . . . . . . . . . . . . . . . . . Utility 387 | 1 2 . 4 1 3 5 8 2 7 4 1 8 6 17 11 1 2 6 5 12 7 11 5 15 3 18 . 1 . 1 6 1 18 35 10 4 7 1 20 4 56 4 35 19 Device 200 | . . . 1 1 1 5 2 1 1 . 1 2 4 15 4 . 1 3 4 6 2 7 2 7 2 10 . 1 . 1 4 . 6 15 3 1 4 1 15 2 34 1 19 11 Storage 35 | 1 1 . 2 . 1 . . . 1 3 . . . 2 . . . 1 . 1 . . . . . . . . . . 1 . 2 6 . . 1 . 1 . 2 2 5 2 Processor 14 | . . . . . . . . . . . . 1 1 . 1 . . . . . . 1 . . . . . . . . 1 . . 1 . 1 1 . . . 1 . 2 3 Hackware 9 | . . . . . . . 1 . . . . . . . . . 1 . . . . . . 1 . 1 . . . . . . 1 1 1 . 1 . . 1 . . . . Protection 129 | . 1 . 1 . 1 . 5 1 5 1 . 5 1 . 6 1 . 2 1 5 5 3 3 7 1 7 . . . . . 1 9 12 6 2 . . 4 1 19 1 9 3 Artifact . | . . . . . . . . . . . . . . . . . . . . . . . . . . . . . . . . . . . . . . . . . . . . . Weapon 421 | 2 3 6 4 . 2 9 9 5 38 5 2 19 3 4 8 4 1 1 6 9 10 9 4 12 3 10 8 . . 6 8 2 15 45 4 1 7 2 23 5 52 2 34 19 Energy Gun 19 | 2 1 1 . . . . 4 1 1 . . 1 . . 1 . . . 1 2 1 . . . . . . . . . . . . 1 1 . . . . . . . 1 . Energy Cannon 224 | . . 2 2 . 1 5 5 . 14 3 2 7 2 . 2 . . 1 1 2 3 4 1 3 1 5 3 . . 4 5 2 6 25 1 1 5 2 20 4 45 2 23 10 Ballistic Gun 62 | . . . 2 . . 4 . . . . . . . . . . . . . . 4 4 2 4 2 5 4 . . 1 . . 8 15 1 . . . 2 . 3 . 1 . Ballistic Cannon 33 | . 2 2 . . . . . 2 7 . . 2 . 1 1 . . . . 2 . . 1 . . . . . . . 1 . . . . . 1 . . . . . 5 6 Launcher 42 | . . . . . . . . 2 12 . . 4 . 2 1 1 . . 1 1 2 . . 2 . . . . . 1 . . 1 4 . . . . 1 . 3 . 1 3 Special Weapon 19 | . . 1 . . . . . . . 2 . . . . 2 . 1 . . 1 . 1 . 3 . . 1 . . . 2 . . . 1 . 1 . . 1 1 . 1 . Impact Weapon . | . . . . . . . . . . . . . . . . . . . . . . . . . . . . . . . . . . . . . . . . . . . . . Slashing Weapon 21 | . . . . . . . . . 4 . . 5 1 1 1 3 . . 3 1 . . . . . . . . . . . . . . . . . . . . . . 2 . Piercing Weapon . | . . . . . . . . . . . . . . . . . . . . . . . . . . . . . . . . . . . . . . . . . . . . . Special Melee Weapon 1 | . . . . . 1 . . . . . . . . . . . . . . . . . . . . . . . . . . . . . . . . . . . . . . . Unidentified Prototypes 24 | . . . 1 . . . 2 . 1 . . 2 . . . . . . . . . . . 1 . . . . . . . . . 2 7 . 2 . 2 . . 1 2 1 Parts Lost 97 | . . 3 3 . . 3 4 2 5 . . 9 1 . 5 . . . . 6 . . 1 . . 4 . . . . 1 . 1 10 . . . 1 2 . 4 . 1 31 Power 15 | . . 1 . . . . . . . . . 2 . . 1 . . . . 1 . . . . . 1 . . . . 1 . 1 . . . . . 1 . 1 . . 5 Propulsion 20 | . . . . . . 1 . . 3 . . . . . 2 . . . . 1 . . . . . 1 . . . . . . . . . . . . 1 . . . . 11 Utility 40 | . . . 1 . . 1 1 1 2 . . 4 1 . 1 . . . . 2 . . 1 . . 1 . . . . . . . 7 . . . 1 . . 2 . . 14 Weapon 22 | . . 2 2 . . 1 3 1 . . . 3 . . 1 . . . . 2 . . . . . 1 . . . . . . . 3 . . . . . . 1 . 1 1 Highest Loss Streak 22 | . . 3 2 . . 1 2 1 3 . . 3 1 . 5 . . . . 5 . . 1 . . 4 . . . . 1 . 1 5 . . . 1 1 . 1 . 1 22 Average Slot Usage (%) 91 | . 91 99 89 100 84 88 87 90 80 89 92 96 100 100 84 92 84 86 82 83 87 93 93 91 82 90 94 94 94 94 91 100 96 92 89 93 90 89 86 90 92 92 92 86 Engine 3 | . 14 14 11 5 . . 5 9 9 7 . . . . . . . . . . . . . . . 1 5 5 5 5 3 . . . . . . . . . . . . . Core 2 | . . . . 5 11 11 3 . . . 6 6 7 7 7 7 6 6 6 2 . . . . . . . . . . . . . . . . . . . . . . . . Reactor 3 | . . . . . . . . . . . . . . . . . . . . 3 6 6 6 5 5 5 5 5 5 5 6 10 9 10 10 9 9 9 7 8 8 7 7 5 Treads 8 | . 28 28 22 22 22 22 26 27 26 . . . . . . . . . . . . . . . . . . . . . . . . . . . . . . . . . . . Hover 17 | . . . . . . . . . . 28 30 29 30 30 23 23 17 20 21 20 26 26 26 28 29 28 29 29 29 29 30 31 29 29 31 28 30 31 28 29 28 26 26 21 Device 10 | . . . . 11 8 15 12 9 8 7 7 6 7 7 4 15 19 14 9 12 7 25 8 7 5 13 17 17 17 17 14 15 13 10 9 17 13 12 16 19 14 15 11 13 Storage 18 | . 14 14 22 22 12 11 9 9 9 21 23 23 23 23 24 15 13 15 20 20 20 20 20 17 17 17 17 17 17 17 19 21 21 23 21 19 21 22 20 20 23 23 24 20 Processor 3 | . . . . . . . . . . . . 2 10 13 2 7 6 6 6 5 . . 6 5 5 5 5 5 5 5 5 7 2 . 5 7 9 4 4 4 6 7 7 13 Protection 6 | . 5 14 11 11 8 6 12 18 9 7 7 10 3 . 5 7 6 6 5 5 13 6 11 9 5 3 . . . . . 2 5 5 4 3 . . . . 4 7 5 3 Energy Gun 1 | . 21 11 . . . . 6 4 1 . . . . . . 7 5 . . 3 . . . . . . . . . . . . . . . . . . . . . . . . Energy Cannon 6 | . . 3 12 22 19 20 11 9 9 4 8 10 4 7 3 . . 5 3 . 3 1 8 1 . 3 1 . . 2 8 8 4 3 4 4 4 4 4 3 4 3 3 2 Ballistic Gun 1 | . . . 1 . . 1 . . . . . . . . . . . . . . 7 6 4 8 10 7 9 11 11 8 . . 5 5 2 2 . . . . . . . . Ballistic Cannon 2 | . 6 12 8 . . . . 2 5 7 5 2 7 4 2 1 . . . 2 . . . . . . . . . . . 1 . . . . . . . . . . 1 1 Naked Turns . | . . . . . . . . . . . . . . . . . . . . . . . . . . . . . . . . . . . . . . . . . . . . . Heaviest Build 200 | 10 30 34 57 53 101 101 113 115 121 88 88 98 74 85 109 55 52 110 110 127 145 108 130 125 128 129 93 90 90 95 105 115 169 162 161 136 143 143 195 183 194 168 200 174 Greatest Support 216 | 40 40 40 40 40 40 40 66 66 66 88 88 88 88 88 88 55 55 55 72 72 64 64 72 102 96 104 104 104 104 104 121 121 130 142 136 136 156 156 164 164 194 174 204 216 Greatest Overweight (x) 5 | . . . 1 1 2 2 2 1 5 . . 1 . . 2 . . 1 1 2 2 1 2 1 1 1 . . . . . . 1 1 1 . 1 . 1 1 1 . 1 1 Average Overweight (x) . | . . . 1 1 1 2 1 1 1 . . . . . . . . . . . 1 1 1 . 1 . . . . . . . . . . . . . . . . . . . Largest Inventory Capacity 42 | 6 12 10 16 16 36 24 24 24 24 42 22 22 22 28 28 16 16 22 22 26 22 22 22 22 22 22 22 22 22 22 22 22 28 28 28 28 34 34 34 34 38 38 38 34 Average Capacity 23 | 5 9 10 16 16 22 24 24 24 24 22 22 22 22 22 23 16 16 17 22 22 22 22 22 22 22 22 22 22 22 22 22 22 25 28 28 28 33 34 34 34 36 38 36 30 Most Carried 38 | 6 10 10 16 16 23 24 24 24 24 23 22 22 22 25 25 16 16 22 22 22 22 22 22 22 22 22 22 22 22 22 22 22 28 28 28 28 34 34 34 34 38 38 38 34 Average Carried 22 | 4 8 9 13 16 20 23 23 23 23 20 21 21 21 22 20 15 15 17 21 21 21 21 21 21 21 21 21 21 22 22 21 21 25 26 27 27 30 33 33 33 35 36 35 26 Final Capacity 38 | 6 10 10 16 16 24 24 24 24 24 22 22 22 22 28 16 16 16 22 22 22 22 22 22 22 22 22 22 22 22 22 22 22 28 28 28 28 34 34 34 34 38 38 34 22 Final Carried 38 | 6 10 10 16 16 22 24 24 24 24 22 22 22 22 25 16 16 16 22 22 22 22 22 22 22 21 22 22 22 22 22 21 22 27 28 28 28 34 34 34 34 38 37 34 16 Class Distribution -------------------- 39% | Scavenger-Mutant 33% | Hauler-Mutant 14% | Mutant 7% | Scavenger-Sprinter 3% | Derelict-Scout Dominant Class ---------------- Mutant | -10/Materials Mutant | -10/Mines Mutant | -9/Materials Scavenger-Mutant | -9/Mines Hauler-Mutant | -9/Exiles Hauler-Mutant | -8/Mines Hauler-Mutant | -8/Materials Hauler-Mutant | -8/Garrison Hauler-Mutant | -8/Materials Scavenger-Mutant | -7/Factory Scavenger-Mutant | -7/Waste Scavenger-Mutant | -7/Factory Hauler-Mutant | -7/Lower Caves Hauler-Mutant | -7/Lower Caves Hauler-Mutant | -7/Data Miner Derelict-Scout | -6/Proximity Caves Derelict-Scout | -6/Factory Mutant | -6/Waste Hauler-Mutant | -6/Factory Hauler-Mutant | -6/Extension Scavenger-Mutant | -6/Cetus Scavenger-Mutant | -6/Archives Scavenger-Mutant | -6/Hub_04(d) Scavenger-Mutant | -5/Factory Hauler-Mutant | -5/Waste Scavenger-Mutant | -5/Factory Scavenger-Mutant | -5/Upper Caves Scavenger-Mutant | -5/Upper Caves Scavenger-Mutant | -5/Warlord Scavenger-Mutant | -4/Proximity Caves Hauler-Mutant | -4/Factory Hauler-Mutant | -4/Waste Hauler-Mutant | -4/Factory Scavenger-Mutant | -4/Armory Scavenger-Mutant | -4/Lab Scavenger-Mutant | -3/Research Scavenger-Mutant | -3/Quarantine Scavenger-Mutant | -3/Garrison Scavenger-Mutant | -2/Research Scavenger-Sprinter | -2/Testing Scavenger-Mutant | -2/Section 7 Scavenger-Sprinter | -1/Access Scavenger-Mutant | -1/Command Scavenger-Sprinter | -1/Access_0 Resources | -11 -10 -10 -9 -9 -9 -8 -8 -8 -8 -7 -7 -7 -7 -7 -7 -6 -6 -6 -6 -6 -6 -6 -6 -5 -5 -5 -5 -5 -5 -4 -4 -4 -4 -4 -4 -3 -3 -3 -2 -2 -2 -1 -1 -1 ----------- Run | Scr Mat Min Mat Min Exi Min Mat Gar Mat Fac Was Fac Low Low Dat Pro Fac Was Fac Ext Cet Arc Hub Fac Was Fac Upp Upp War Pro Fac Was Fac Arm Lab Res Qua Gar Res Tes Sec Acc Com Ac0 Matter Collected 23619 | 230 206 132 142 40 80 187 265 203 1262 . 192 245 388 255 288 102 . 221 213 635 253 444 378 875 250 729 251 208 96 143 198 50 642 2170 199 563 231 623 1778 206 3888 223 3085 850 Remotely . | . . . . . . . . . . . . . . . . . . . . . . . . . . . . . . . . . . . . . . . . . . . . . Salvage Created 34114 | . 382 473 198 334 . 560 1461 609 2585 . 326 776 69 70 303 48 . 1472 345 1058 371 459 1604 923 689 791 131 217 320 227 535 . 645 2434 86 581 371 964 2246 642 5583 255 2513 458 Parts 1343 | . 24 14 9 20 . 20 67 39 137 . 4 47 2 6 8 7 . 27 17 36 16 27 65 43 19 31 5 6 13 12 15 . 39 121 8 28 10 17 66 18 177 9 84 30 Haulers Intercepted 37 | . 1 . 1 . . . 4 . 5 . . 4 . . . . . . . 2 . . 4 1 . 1 . 1 . . 1 . 1 . . 1 1 . 4 1 3 1 . . Recyclers Shooed 12 | . . . 1 . . . 6 . . 1 . 1 . . . . . . . . . . . 2 . . . . . . . . . . . . . . 1 . . . . . Parts Field Recycled . | . . . . . . . . . . . . . . . . . . . . . . . . . . . . . . . . . . . . . . . . . . . . . Retrieved Matter . | . . . . . . . . . . . . . . . . . . . . . . . . . . . . . . . . . . . . . . . . . . . . . Parts Self-Destructed 81 | . . . . . . . . . . . . . 12 6 . 5 . . . . . . . . . . 11 38 1 8 . . . . . . . . . . . . . . Prevented 6 | . . . . . . . . . . . . . . . . . . . . . . . . . . . 4 . . 2 . . . . . . . . . . . . . . Kills | -11 -10 -10 -9 -9 -9 -8 -8 -8 -8 -7 -7 -7 -7 -7 -7 -6 -6 -6 -6 -6 -6 -6 -6 -5 -5 -5 -5 -5 -5 -4 -4 -4 -4 -4 -4 -3 -3 -3 -2 -2 -2 -1 -1 -1 ------- Run | Scr Mat Min Mat Min Exi Min Mat Gar Mat Fac Was Fac Low Low Dat Pro Fac Was Fac Ext Cet Arc Hub Fac Was Fac Upp Upp War Pro Fac Was Fac Arm Lab Res Qua Gar Res Tes Sec Acc Com Ac0 Combat Hostiles Destroyed 467 | . 12 2 4 6 . 14 19 19 59 . . 20 2 6 2 4 . 6 9 15 5 2 9 14 2 9 2 2 . 6 3 . 14 42 1 1 2 13 21 5 69 1 25 20 Melee 10 | . . . . . . . . . 1 . . . . . . . . . 4 5 . . . . . . . . . . . . . . . . . . . . . . . . Guns 63 | . 6 1 . . . 4 4 1 . . . . . . . . . . . 2 1 . 6 2 2 5 1 2 . 1 . . 4 12 1 . . . . . 8 . . . Cannons 179 | . 6 1 4 6 . 10 15 6 31 . . 4 2 1 . . . 6 . 6 . . 1 . . 3 . . . 1 . . 4 9 . . . 5 12 3 23 1 14 5 AOE 132 | . . . . . . . . 12 27 . . 15 . 5 . 4 . . 4 1 1 . . 12 . . . . . 4 . . 6 10 . . . . . . 16 . 5 10 Classes Destroyed 24 | . 6 3 . 1 . 2 2 . 2 . . 1 . . . . . 1 . 1 . . . . . . . . 1 . . . . 2 . . . . . . 2 . . . Worker 28 | . . 3 . 1 . . . . 8 . . 1 . . . . . . . . . . 5 1 . . . . . . . . . . . 4 2 . . . 2 . 1 . Builder 18 | . 1 . . . . . 1 . 4 . . 1 . . . . . . 1 . . . 3 3 . . . . . . . . . . . . 1 . 1 . 2 . . . Tunneler 4 | . . . . . . . 2 . . . . . . . . . . . . . . . 1 1 . . . . . . . . . . . . . . . . . . . . Hauler 37 | . 1 . 1 . . . 4 . 5 . . 4 . . . . . . . 2 . . 4 1 . 1 . 1 . . 1 . 1 . . 1 1 . 4 1 3 1 . . Recycler 20 | . . 4 . 1 . . 1 . 1 . . . . . . . . . . . . . . 3 . 1 . . . . 1 . . . . 2 . . 1 1 3 . 1 . Mechanic 1 | . . . . . . . . . 1 . . . . . . . . . . . . . . . . . . . . . . . . . . . . . . . . . . . Operator 16 | . 2 . . . . . 1 . 2 . . 1 . . . . . . . . . 8 . . . . . . . . . . 1 . . . 1 . . . . . . . Watcher 28 | . 3 . . . . . 2 . 4 . . 1 . . . . . . . 2 1 . 2 2 . . . . . . . . . 1 . 3 1 . . 1 3 2 . . Swarmer 100 | . 6 . 1 2 . 4 . 11 5 . . 12 . 6 . 4 . . 4 . 1 . . 10 . . . 1 . 4 . . 4 6 . . . . . . 12 . 7 . Saboteur 3 | . . . . . . . . . . . . . . . . . . . . . . . . . . . . . . . . . . 1 . . . . . . 2 . . . Grunt 134 | . 6 1 3 3 . 8 6 6 31 . . 4 . . . . . . 3 7 . . 1 . . 5 . 1 . . . . 4 6 . . 2 9 8 3 15 1 1 . Brawler 16 | . . . . 1 . . . . 7 . . . . . . . . . . . . . . . . . 1 . . . . . 1 . . . . . 2 . 3 . 1 . Duelist 13 | . . . . . . 1 . . 3 . . . . . . . . . . . . . . . . . 1 . . . . . . 4 . . . . 3 . 1 . . . Protector 5 | . . . . . . . . . 2 . . . . . . . . . . . . . 2 . . . . . . . . . . 1 . . . . . . . . . . Researcher 2 | . . . . . . . . . . . . . . . . . . . . . . . . . . . . . . . . . . . . . . . . . 2 . . . Sentry 47 | . . . . . . . 10 2 9 . . 2 1 . . . . . 2 5 . 2 2 . . . . . . . 1 . 1 4 . 1 . . . . 5 . . . Demolisher 1 | . . 1 . . . . . . . . . . . . . . . . . . . . . . . . . . . . . . . . . . . . . . . . . . Specialist 2 | . . . . . . . . . . . . . . . . . . . . . . . . . . . . . . . . . . 2 . . . . . . . . . . Hunter 31 | . . . . . . 1 3 . 2 . . 1 . . . . . . . . . . . 2 . . . . . 1 2 . . 5 . . . 4 2 . 4 . 4 . Programmer 32 | . . . . . . . . . . . . 1 1 . . . . . . 2 . . . . . 4 . . . . . . 2 9 . . . . 2 2 5 . 4 . Behemoth 4 | . . . . . . . . . . . . . . . . . . . . 1 . . . . . . . . . 1 . . . . . . . . 1 . . . 1 . Compactor 8 | . . . . . . . . . . . . . . . . . . 6 . . . . . . 2 . . . . . . . . . . . . . . . . . . . Cetus Guard 4 | . . . . . . . . . . . . . . . . . . . . . 4 . . . . . . . . . . . . . . . . . . . . . . . S7 Guard 3 | . . . . . . . . . . . . . . . . . . . . . . . . . . . . . . . . . . . . . . . . . 3 . . . M Guard 2 | . . . . . . . . . . . . . . . . . . . . . . . . . . . . . . . . . . . . . . . . . . . 2 . Enhanced Grunt 14 | . . . . . . . . . . . . . . . 3 . . . . . . . 1 . . . . . . . . . . . . . . . . . . . . 10 Enhanced Hunter 3 | . . . . . . . . . . . . . . . . . . . . . . . . . . . . . . . . . . . . . . . . . . . . 3 Enhanced Programmer 5 | . . . . . . . . . . . . . . . . . . . . . . . . . . . . . . . . . . . . . . . . . . . . 5 Lightning 4 | . . . . . . . . . . . . . . . . . . . . . . . 4 . . . . . . . . . . . . . . . . . . . . . Tracker 13 | . . . . . . . . . . . . . . . . . . . . . . . . 1 . . . . . . . . 1 2 . . . . 1 . 8 . . . Combat Programmer 17 | . . . . . . . . . . . . . . . . . . . . . . . . 1 . . . . . . . . 1 2 . . . . 2 . 9 . 2 . Executioner 3 | . . . . . . . . . . . . . . . . . . . . . . . . . . . . . . . . . . . . . . . . . 2 . 1 . Demented 7 | . . . . . . . . . . . . . . . . . . . . . . . . . . . . . 7 . . . . . . . . . . . . . . . Thug 2 | . . 1 . . . . . . . . . . . . . . . . . . . . 1 . . . . . . . . . . . . . . . . . . . . . Butcher 1 | . . . . . . . . . . . . . . . . . . . . . . . 1 . . . . . . . . . . . . . . . . . . . . . Guerrilla 1 | . . . . . . . . . . . . . . . . . . . . . . . 1 . . . . . . . . . . . . . . . . . . . . . Best Kill Streak 16 | . 6 2 2 2 . 4 6 5 9 . . 6 1 3 2 4 . 2 5 3 3 3 9 6 2 3 2 1 . 5 2 . 4 8 1 5 3 4 10 4 16 3 8 13 Combat Bots Only 14 | . 5 1 2 2 . 4 6 5 8 . . 4 1 3 2 4 . 2 4 3 2 2 3 5 2 3 2 1 . 5 2 . 4 8 1 1 2 4 10 3 14 1 7 13 Max Kills in Single Turn 10 | . 1 1 1 1 . 1 2 3 3 . . 4 1 2 1 4 . 1 3 1 2 1 8 4 1 1 1 1 1 2 1 . 3 3 1 1 2 1 1 1 4 1 6 10 Gunslinging . | . . . . . . . . . . . . . . . . . . . . . . . . . . . . . . . . . . . . . . . . . . . . . Exploded 10 | . . . . . . . . 3 3 . . 4 . 2 . 4 . . 3 1 1 . . 3 . . . . . 2 . . 3 3 . . . . . . 3 . 5 10 Melee 1 | . . . . . . . . . 1 . . . . . . . . . 1 1 . . . . . . . . . . . . . . . . . . . . . . . . Uniques/NPCs Destroyed 4 | . . . . . . . . . . . . . . . . . . . . . . . . . . . . . . . . . . . 1 . . . . . . . 1 2 A5 (-4/Lab) MAIN.C Shell (-1/Command) MAIN.C (-1/Command) A8 (-1/Access_0) A6 (-1/Access_0) Combat | -11 -10 -10 -9 -9 -9 -8 -8 -8 -8 -7 -7 -7 -7 -7 -7 -6 -6 -6 -6 -6 -6 -6 -6 -5 -5 -5 -5 -5 -5 -4 -4 -4 -4 -4 -4 -3 -3 -3 -2 -2 -2 -1 -1 -1 -------- Run | Scr Mat Min Mat Min Exi Min Mat Gar Mat Fac Was Fac Low Low Dat Pro Fac Was Fac Ext Cet Arc Hub Fac Was Fac Upp Upp War Pro Fac Was Fac Arm Lab Res Qua Gar Res Tes Sec Acc Com Ac0 Damage Taken 31665 | . 240 370 213 27 . 782 945 468 2245 . . 2354 180 138 1390 17 . . 387 1498 162 44 732 358 . 1019 . 111 . 251 189 . 682 4067 64 26 21 211 786 8 2093 18 2855 6714 Core 3111 | . 46 13 15 . . 71 54 27 166 . . 271 16 15 95 . . . 32 116 22 . 44 64 . 120 . . . 27 24 . 26 365 2 . 7 22 45 . 128 . 126 1152 Absorbed by Shields 2778 | . . . . . . . . . . . . . . . . . . . . 71 110 . . . . . . . . . . . . 74 . . . . . . . . . 2523 Reduced by Siege Mode 96 | . . . . . . . . . . . . . . . . . . . . . . . . . . . . . . . . . 15 26 . . . . 16 . 39 . . . Core Remaining (%) 68 | 100 . 76 . . . 78 . . 55 . . . . . . 43 . . . . . . 74 . . . . . . 78 . . . . 58 . . 93 . . 86 . . 12 Volleys Fired 2010 | . 41 23 21 15 . 39 81 46 148 7 16 52 11 5 16 1 . 168 5 39 14 28 43 47 27 47 7 18 12 19 19 . 40 156 24 23 22 44 97 16 238 9 254 72 Largest 2 | . 2 2 2 2 . 2 2 2 2 1 2 2 2 2 1 1 . 1 2 2 2 2 2 2 2 2 2 2 2 2 2 . 2 2 2 1 1 1 2 2 2 1 2 2 Hottest 300 | . 90 100 136 136 . 136 136 128 143 68 148 160 128 128 69 39 . 80 160 138 240 150 150 90 90 150 169 70 70 169 182 . 220 220 155 120 300 300 240 240 300 300 300 300 Shots Fired 3095 | . 63 41 42 30 . 78 149 71 259 7 31 94 22 6 16 1 . 163 8 68 15 52 85 75 48 78 11 38 24 26 27 . 73 257 41 23 22 44 115 19 287 9 465 112 Gun 744 | . 34 8 11 . . 18 48 7 16 . . . . . . . . . 3 24 7 45 61 56 42 41 4 38 24 12 . . 43 146 15 . . . 4 . 37 . . . Cannon 2185 | . 29 31 31 30 . 60 101 55 207 5 31 85 22 2 7 . . 150 3 37 2 6 24 13 6 37 4 . . 12 23 . 29 84 26 23 21 44 111 17 244 9 462 102 Launcher 123 | . . . . . . . . 9 36 . . 9 . 4 3 1 . . 2 2 6 . . 5 . . . . . 2 . . 1 27 . . . . . . 5 . 1 10 Special 43 | . . 2 . . . . . . . 2 . . . . 6 . . 13 . 5 . 1 . 1 . . 3 . . . 4 . . . . . 1 . . 2 1 . 2 . Kinetic 922 | . 29 18 18 . . 18 . 7 74 . 2 2 11 1 . . . . . 25 6 45 61 56 42 41 4 38 24 12 . . 43 146 15 . . . 4 . 37 . 122 21 Thermal 1535 | . 34 20 24 30 . 60 149 55 139 5 29 83 11 1 . . . 150 6 24 1 . . 12 6 9 2 . . 9 7 . 21 59 26 15 6 1 39 6 129 1 307 59 Explosive 83 | . . . . . . . . 9 36 . . 9 . 4 . 1 . . 2 2 . . . 5 . . . . . 2 . . 1 6 . . . . . . 5 . 1 . Electromagnetic 514 | . . 3 . . . . . . 10 . . . . . 10 . . . . 12 8 6 24 1 . 28 2 . . 3 16 . 8 46 . 8 15 43 72 11 115 8 33 32 Robot Hit Streak 100 | . 15 6 8 7 . 10 25 22 36 4 22 11 7 10 11 . . 30 14 21 7 8 6 8 12 10 4 4 6 9 9 . 11 40 6 7 10 17 23 11 46 3 100 28 Robot Miss Streak 11 | . 2 6 4 2 . 5 4 3 10 2 1 5 6 . 2 . . 2 . 5 1 3 3 2 3 3 1 2 2 1 1 . 2 11 4 1 . 1 2 1 4 1 2 2 Penetration Max 1 | . . . . . . . . . . . . . . . . . . . . . . 1 1 1 1 1 . 1 . . . . 1 . . 1 1 1 1 1 1 . . 1 Secondary Targets 8 | . . . . . . 1 . . . . . . . . . . . . . . . . 1 1 1 . . 1 . . . . 1 2 . . . . . . . . . . Max Gunslinging Chain 1 | . . . . . . 1 . . . . . . . . . . . . . . . . 1 1 1 . . 1 . . . . 1 1 . . . . . . . . . . Shots Hit Robots 2179 | . 48 20 21 21 12 57 110 32 175 5 28 55 13 3 12 . . 135 12 73 7 31 51 46 32 44 6 21 16 13 18 . 42 172 21 16 9 21 73 12 182 5 413 96 Core Hits 1188 | . 20 14 5 11 . 23 48 42 176 1 4 43 3 9 12 4 . 18 11 40 17 17 48 35 7 20 1 3 11 9 3 . 27 124 12 8 5 8 33 7 125 4 121 59 Critical Hits 201 | . 1 . 2 3 . 9 11 . . . . . . . . . . 1 . 1 . 4 9 13 12 6 . 6 5 2 1 . 6 25 2 2 2 6 18 1 20 1 20 12 Critical Kills 53 | . 1 . . 1 . 3 3 . . . . . . . . . . . . 1 . 2 8 2 2 2 . 1 5 . . . 2 3 . 1 1 1 5 . 4 1 1 3 Critical Parts Destroyed 107 | . . . 2 2 . 6 7 . . . . . . . . . . 1 . . . 2 1 8 1 4 . 4 . 1 1 . 2 17 2 . 1 5 7 1 15 . 11 6 Melee Attacks 101 | . . . . . 12 . . . 8 . . 20 2 1 1 14 3 4 12 20 . . . . . . . . . . . . . . . . . . . . . . 4 . Impact . | . . . . . . . . . . . . . . . . . . . . . . . . . . . . . . . . . . . . . . . . . . . . . Slashing 89 | . . . . . . . . . 8 . . 20 2 1 1 14 3 4 12 20 . . . . . . . . . . . . . . . . . . . . . . 4 . Piercing . | . . . . . . . . . . . . . . . . . . . . . . . . . . . . . . . . . . . . . . . . . . . . . Sneak Attacks 10 | . . . . . 7 . . . . . . . . . 1 . . . . 2 . . . . . . . . . . . . . . . . . . . . . . . . Combat Hostiles 1 | . . . . . . . . . . . . . . . . . . . . 1 . . . . . . . . . . . . . . . . . . . . . . . . Follow-up Attacks . | . . . . . . . . . . . . . . . . . . . . . . . . . . . . . . . . . . . . . . . . . . . . . Damage Inflicted 110652 | . 769 403 509 542 . 1161 2417 1607 7701 61 618 2786 402 372 494 263 . 3749 864 3067 1105 953 3713 3379 369 1822 92 694 439 824 513 . 2964 8553 726 993 941 1724 4863 898 13921 461 19986 12934 Guns 14715 | . 317 62 136 . . 207 728 55 247 . . . . . . . . . 99 669 54 771 1420 1329 369 988 26 694 439 334 . . 723 3380 204 . . . 112 . 1352 . . . Cannons 61484 | . 449 297 365 508 . 880 1577 579 3308 61 618 1301 402 52 70 . . 3749 83 867 52 182 656 210 . 816 66 . . 115 513 . 753 1554 522 993 791 1724 4751 787 9880 413 18843 2697 Explosions 31691 | . . . . . . . . 973 3983 . . 1445 . 320 308 263 . . 406 471 999 . 1622 1840 . 18 . . . 375 . . 1488 3619 . . 150 . . 111 2689 48 487 10076 Melee 2130 | . . . . . . . . . . . . 36 . . 116 . . . 276 1046 . . . . . . . . . . . . . . . . . . . . . . 656 . Ramming 632 | . 3 44 8 34 . 74 112 . 163 . . 4 . . . . . . . 14 . . 15 . . . . . . . . . . . . . . . . . . . . 161 Kinetic 21366 | . 449 96 233 . . 207 . 82 1059 . 21 . 170 27 . . . . . 509 54 771 1420 1329 369 988 26 694 439 334 . . 723 3380 204 . . . 112 . 1352 . 5600 718 Thermal 50852 | . 317 220 268 508 . 880 2305 552 2318 61 597 1318 232 25 . . . 3749 182 669 283 . . 953 . 202 . . . . . . 1823 1536 522 460 107 . 1444 279 5181 . 12453 11408 Explosive 13763 | . . . . . . . . 973 3983 . . 1428 . 320 . 263 . . 406 471 . . . 1097 . . . . . 375 . . 253 1441 . . 91 . . . 2175 . 487 . Electromagnetic 21909 | . . 43 . . . . . . 178 . . . . . 378 . . . . 358 768 182 2278 . . 632 66 . . 115 513 . 165 2196 . 533 743 1724 3307 619 5213 461 790 647 Impact . | . . . . . . . . . . . . . . . . . . . . . . . . . . . . . . . . . . . . . . . . . . . . . Slashing 2130 | . . . . . . . . . . . . 36 . . 116 . . . 276 1046 . . . . . . . . . . . . . . . . . . . . . . 656 . Piercing . | . . . . . . . . . . . . . . . . . . . . . . . . . . . . . . . . . . . . . . . . . . . . . Highest Corruption 21 | . . . . . . . . . . . . 1 3 3 3 3 . 21 21 21 21 21 7 . . 6 6 6 6 2 . . 4 10 10 . . . . . 6 . . . Average Corruption 7 | . . . . . . . . . . . . 1 2 3 3 3 . 16 21 21 21 12 3 . . 5 6 6 2 2 . . 3 6 10 . . . . . 5 . . . Corruption Purged 21 | . . . . . . . . . . . . . . . . . . . . . . 21 . . . . . . . . . . . . . . . . . . . . . . Effects 505 | . . . . . . . . . . . . 2 28 16 5 17 . 57 30 112 25 38 7 . . 6 22 23 3 10 . . 4 56 11 . . . . . 33 . . . Message Errors 94 | . . . . . . . . . . . . 1 6 7 1 3 . 8 4 15 2 6 1 . . . 4 9 2 4 . . 1 14 2 . . . . . 4 . . . Matter Fused 88 | . . . . . . . . . . . . . 9 2 1 5 . 7 7 17 5 3 2 . . 1 7 5 . . . . . 8 . . . . . . 9 . . . Heat Flow Errors 52 | . . . . . . . . . . . . . 4 3 . 7 . 3 3 10 2 4 1 . . 1 4 2 1 2 . . . 4 1 . . . . . . . . . Energy Discharges 30 | . . . . . . . . . . . . . 1 3 2 1 . 2 2 6 1 2 . . . 1 1 1 . 2 . . . 2 2 . . . . . 1 . . . Parts Rejected 10 | . . . . . . . . . . . . . . . . . . . . 2 2 1 . . . . 1 . . . . . . 2 . . . . . . 2 . . . Data Loss (minor) 36 | . . . . . . . . . . . . . 7 1 1 1 . . 2 5 1 6 . . . 1 2 4 . . . . 2 2 . . . . . . 1 . . . Data Loss (major) 13 | . . . . . . . . . . . . . . . . . . 4 2 2 . 1 . . . . . . . . . . . 3 . . . . . . 1 . . . Misfires 10 | . . . . . . . . . . . . . . . . . . 1 . 1 . 1 . . . 1 2 2 . . . . . . 2 . . . . . . . . . Alerts 3 | . . . . . . . . . . . . . . . . . . 1 . 2 . . . . . . . . . . . . . . . . . . . . . . . . Misdirections 44 | . . . . . . . . . . . . . . . . . . 2 7 25 7 . . . . . . . . . . . . 1 2 . . . . . . . . . Targeting Errors 101 | . . . . . . . . . . . . 1 1 . . . . 23 3 24 3 10 3 . . . 1 . . 2 . . 1 15 1 . . . . . 13 . . . Weapon Failures 24 | . . . . . . . . . . . . . . . . . . 6 . 3 2 4 . . . 1 . . . . . . . 5 1 . . . . . 2 . . . Overload Shots 1 | . . . . . . . . . . . . . . . . . . . . . 1 . . . . . . . . . . . . . . . . . . . . . . . Overflow Damage 2949 | . 5 24 22 . . 2 1 10 122 . . 87 8 . . . . . 2 205 11 . 68 182 . 18 . . . 36 . . 250 80 . 97 94 37 205 39 455 . 429 460 Projectiles 1442 | . 5 24 22 . . 2 1 . 32 . . 10 8 . . . . . . . . . 13 15 . 18 . . . . . . 5 48 . 97 94 37 205 10 348 . 429 19 Explosions 1258 | . . . . . . . . 10 69 . . 77 . . . . . . . . 11 . 55 167 . . . . . 36 . . 245 32 . . . . . 29 107 . . 420 Melee 249 | . . . . . . . . . 21 . . . . . . . . . 2 205 . . . . . . . . . . . . . . . . . . . . . . . 21 Knockbacks 65 | . 3 3 2 . . 1 . 2 23 . . . . . . . . . . . . . . . . . . . . . . . . . . . . . . . . . 24 7 Impact 5 | . . . . . . 1 . . 2 . . . . . . . . . . . . . . . . . . . . . . . . . . . . . . . . . . 2 Kinetic 58 | . 3 3 2 . . . . 2 19 . . . . . . . . . . . . . . . . . . . . . . . . . . . . . . . . . 24 5 Secondary 2 | . . . . . . . . . 2 . . . . . . . . . . . . . . . . . . . . . . . . . . . . . . . . . . . Self-Inflicted Damage 1523 | . . . . . . . . 139 21 . . 54 . . . . . . 38 7 . . 42 16 . . . . . 60 . . . 179 . . 22 . . . 67 . . 878 Shots 39 | . . . . . . . . 4 1 . . 2 . . . . . . 1 . . . 4 1 . . . . . 2 . . . 16 . . 1 . . . 2 . . 5 Rammed 46 | . . 9 2 5 . 11 7 . 7 . . 1 . . . . . . . 1 . . 1 . . . . . . . . . . . . . . . . . . . . 2 Targets Rammed 51 | . 1 11 2 5 . 11 7 . 9 . . 1 . . . . . . . 1 . . 1 . . . . . . . . . . . . . . . . . . . . 2 Kicked . | . . . . . . . . . . . . . . . . . . . . . . . . . . . . . . . . . . . . . . . . . . . . . Crushed 5 | . 1 2 . . . . . . 2 . . . . . . . . . . . . . . . . . . . . . . . . . . . . . . . . . . . Highest Temperature 449 | . 150 192 300 234 . 354 244 210 306 12 120 206 300 211 251 279 . 334 179 368 184 223 102 252 328 194 193 136 75 189 81 . 360 449 319 . 130 210 423 99 369 90 86 141 Average Temperature 87 | . 58 62 114 73 . 146 62 64 68 5 49 53 114 87 130 88 . 157 71 70 80 75 41 96 159 114 67 71 42 74 28 . 100 114 150 . 80 45 121 51 75 68 64 141 Received Heat Transfer 4547 | . 84 33 . 18 . 324 333 108 1080 . . 426 6 . 180 . . . 126 404 13 9 51 . . 162 . 30 . . 9 . 69 294 . . . 18 45 . 144 9 234 338 Effects 15 | . . . . . . . 3 . 4 . . . . . . . . 3 . . . . . 1 . . . . . . . . . 1 1 . . . 2 . . . . . Shutdowns 1 | . . . . . . . . . . . . . . . . . . . . . . . . . . . . . . . . . . . . . . . 1 . . . . . Energy Bleed 6 | . . . . . . . . . 1 . . . . . . . . 1 . . . . . 1 . . . . . . . . . 1 1 . . . 1 . . . . . Interference 8 | . . . . . . . 3 . 3 . . . . . . . . 2 . . . . . . . . . . . . . . . . . . . . . . . . . . Siege Activations 6 | . . . . . . . . . . . . . . . . . . . . . . . . 1 . . . . . . . . 1 1 . . . . 1 . 2 . . . Total Turns 188 | . . . . . . . . . . . . . . . . . . . . . . . . 4 . . . . . . . . 24 120 . . . . 19 . 21 . . . Longest Duration 120 | . . . . . . . . . . . . . . . . . . . . . . . . 4 . . . . . . . . 24 120 . . . . 19 . 12 . . . Robots Corrupted 97 | . . . . . . . . . . . . . . . 3 . . . . 2 4 2 6 . . 1 1 . . . 3 . . 11 . 3 3 8 12 2 26 1 4 5 Combat Hostiles 77 | . . . . . . . . . . . . . . . 2 . . . . 1 3 2 2 . . 1 1 . . . 3 . . 10 . 1 2 8 9 2 21 . 4 5 Parts Fried 203 | . . . . . . . . . . . . . . . 7 . . . . 4 2 3 16 . . 2 1 . . 1 7 . 1 20 . 3 10 27 22 8 44 4 8 13 Impact Corruptions 4 | . . . . . . . . . 3 . . . . . . . . . . . . . . . . . . . . . . . . . . . . . . . . . . 1 Robots Melted 6 | . . . . . . . . . . . . 1 . . . . . . 1 . . . . . . . . . . . . . . 1 . . . . . . 1 . 2 . Combat Hostiles 6 | . . . . . . . . . . . . 1 . . . . . . 1 . . . . . . . . . . . . . . 1 . . . . . . 1 . 2 . Parts Melted 60 | . 4 . 2 1 . 3 9 1 7 . . 7 . . . . . . 1 1 . . . 1 . . . . . . . . . 1 . . . . 2 . 15 . 5 . Heat Transferred 38448 | . 746 518 481 888 . 1554 4144 925 3737 111 1131 2440 400 50 . . . 6850 350 1350 100 . . 625 . 125 . . . . . . 1050 777 517 370 87 . 962 161 3297 . 3444 1258 Parts Sabotaged 2 | . . . . . . . . . . . . . . . . . . . . . . . . . . . . . . . . . . . . . . . . . 2 . . . Parts Stolen . | . . . . . . . . . . . . . . . . . . . . . . . . . . . . . . . . . . . . . . . . . . . . . Parts Stripped . | . . . . . . . . . . . . . . . . . . . . . . . . . . . . . . . . . . . . . . . . . . . . . Power Chain Reactions 10 | . . . . . . . . . . . . . . . . . . . . . 1 . . . . . . . . . . . . 4 . . 1 . . 1 3 . . . Missiles Intercepted . | . . . . . . . . . . . . . . . . . . . . . . . . . . . . . . . . . . . . . . . . . . . . . Alert | -11 -10 -10 -9 -9 -9 -8 -8 -8 -8 -7 -7 -7 -7 -7 -7 -6 -6 -6 -6 -6 -6 -6 -6 -5 -5 -5 -5 -5 -5 -4 -4 -4 -4 -4 -4 -3 -3 -3 -2 -2 -2 -1 -1 -1 ------- Run | Scr Mat Min Mat Min Exi Min Mat Gar Mat Fac Was Fac Low Low Dat Pro Fac Was Fac Ext Cet Arc Hub Fac Was Fac Upp Upp War Pro Fac Was Fac Arm Lab Res Qua Gar Res Tes Sec Acc Com Ac0 Peak Influence 2335 | . 235 60 99 210 . 180 534 1089 1845 854 298 692 . . . . 65 115 327 304 642 501 1802 2026 721 633 . . . . 330 115 1231 1453 . 190 460 1074 1374 740 2335 1751 1037 . Average Influence 468 | . 111 20 21 71 . 33 112 713 1180 842 298 428 . . . . 61 79 173 136 362 343 734 1364 712 501 . . . . 205 115 729 934 . 120 278 691 978 705 1284 1547 710 . Maximum Alert Level 5 | . 1 . . 1 . . 2 3 5 3 1 2 . . . . . . 1 1 2 2 5 5 3 2 . . . . 1 . 4 4 . . 2 3 4 3 5 5 3 . Low Security (%) 40 | 100 80 100 100 92 . 100 91 . . . . . . . . . 100 100 41 80 13 15 9 . . . . . . . 50 100 10 . . 100 38 . . . . . . . Level 1 11 | . 19 . . 7 . . 2 22 . . 100 49 . . . . . . 58 19 45 45 41 . . 6 . . . . 50 . 19 1 . . 39 8 . . . . . . Level 2 22 | . . . . . . . 6 18 5 . . 50 . . . . . . . . 41 38 16 . . 93 . . . . . . 11 26 . . 21 50 33 25 16 . 87 . Level 3 13 | . . . . . . . . 60 38 100 . . . . . . . . . . . . . 19 100 . . . . . . . 35 43 . . . 41 25 74 25 . 12 . Level 4 8 | . . . . . . . . . 41 . . . . . . . . . . . . . 9 50 . . . . . . . . 22 27 . . . . 40 . 27 52 . . Level 5 3 | . . . . . . . . . 15 . . . . . . . . . . . . . 22 30 . . . . . . . . . . . . . . . . 16 47 . . High Security . | . . . . . . . . . . . . . . . . . . . . . . . . . . . . . . . . . . . . . . . . . 13 . . . Max Security . | . . . . . . . . . . . . . . . . . . . . . . . . . . . . . . . . . . . . . . . . . . . . . Squads Dispatched 111 | . 3 . 2 . . 1 3 . 12 . . 10 . . . . . . 3 1 . . 2 6 . 3 . . . . 1 . 12 8 . . 2 . 11 3 24 3 1 . Investigation 26 | . 2 . 2 . . . 1 . 2 . . 3 . . . . . . 2 1 . . 2 2 . 1 . . . . 1 . 1 2 . . 1 . 1 . 1 1 . . Extermination 12 | . . . . . . . . . . . . 1 . . . . . . . . . . . . . 1 . . . . . . 1 3 . . 1 . 1 1 2 . 1 . Reinforcement 26 | . 1 . . . . 1 . . 5 . . 6 . . . . . . 1 . . . . 2 . 1 . . . . . . 2 . . . . . 3 2 1 1 . . Assault 16 | . . . . . . . . . 5 . . . . . . . . . . . . . . . . . . . . . . . . . . . . . 3 . 8 . . . Garrison 9 | . . . . . . . 2 . . . . . . . . . . . . . . . . . . . . . . . . . 6 . . . . . . . . 1 . . Intercept 22 | . . . . . . . . . . . . . . . . . . . . . . . . 2 . . . . . . . . 2 3 . . . . 3 . 12 . . . Construction Impeded 8 | . . . . . . 1 . . 1 . . 2 . . . . . . . . . . . 2 . . . . . . . . 1 . . . . . 1 . . . . . Haulers Reinforced 4 | . . . . . . . . . . . . . . . . . . . . . . . . . . . . . . . . . . . . . . . 2 . 1 1 . . Stealth | -11 -10 -10 -9 -9 -9 -8 -8 -8 -8 -7 -7 -7 -7 -7 -7 -6 -6 -6 -6 -6 -6 -6 -6 -5 -5 -5 -5 -5 -5 -4 -4 -4 -4 -4 -4 -3 -3 -3 -2 -2 -2 -1 -1 -1 --------- Run | Scr Mat Min Mat Min Exi Min Mat Gar Mat Fac Was Fac Low Low Dat Pro Fac Was Fac Ext Cet Arc Hub Fac Was Fac Upp Upp War Pro Fac Was Fac Arm Lab Res Qua Gar Res Tes Sec Acc Com Ac0 Distress Signals 57 | . . . 3 . . . 2 . 2 . . 1 . . . . . . . 1 2 1 3 . . . . . . . 1 . . 2 . 2 1 . 2 . 1 1 32 . Communications Jammed 15 | . . . . . . . . . . . . . . . . . . . . . . . . . . . . . . . . . . 15 . . . . . . . . . . Distress Signals 15 | . . . . . . . . . . . . . . . . . . . . . . . . . . . . . . . . . . 15 . . . . . . . . . . Times Spotted 794 | . 18 6 18 12 . 14 31 17 92 1 . 63 2 12 4 5 . 5 11 25 13 22 36 20 6 11 5 17 . 6 8 . 29 55 1 8 5 18 37 12 86 3 30 30 Peak Tracking Total 16 | . 3 2 5 3 . 4 5 4 6 1 . 16 1 4 3 4 . 4 4 9 5 3 9 6 6 6 3 6 . 5 6 . 6 10 1 3 3 5 9 4 9 2 6 16 Tactical Retreats 54 | . 1 . 2 . . . . . 3 . . 11 . 2 . 2 . . 2 3 . . 1 1 . . 1 1 . . . . . 2 . . 1 4 3 2 9 1 . 2 Traps | -11 -10 -10 -9 -9 -9 -8 -8 -8 -8 -7 -7 -7 -7 -7 -7 -6 -6 -6 -6 -6 -6 -6 -6 -5 -5 -5 -5 -5 -5 -4 -4 -4 -4 -4 -4 -3 -3 -3 -2 -2 -2 -1 -1 -1 ------- Run | Scr Mat Min Mat Min Exi Min Mat Gar Mat Fac Was Fac Low Low Dat Pro Fac Was Fac Ext Cet Arc Hub Fac Was Fac Upp Upp War Pro Fac Was Fac Arm Lab Res Qua Gar Res Tes Sec Acc Com Ac0 Traps Triggered 36 | . 1 . 1 . . . . 1 . 1 . 3 . . 1 . 1 . . 2 . . . 2 . 1 . . . . 1 . . 4 . . . 3 3 . 1 . 10 . Indirectly 4 | . . . . . . . . . . . . . . . 1 . . . . . . . . . . . . . . . . . . 3 . . . . . . . . . . Trap Hack Attempts . | . . . . . . . . . . . . . . . . . . . . . . . . . . . . . . . . . . . . . . . . . . . . . Triggered . | . . . . . . . . . . . . . . . . . . . . . . . . . . . . . . . . . . . . . . . . . . . . . Disarmed 16 | . . . 7 . . . 4 . . . . . . . . . . . . 5 . . . . . . . . . . . . . . . . . . . . . . . . Reprogrammed 6 | . 6 . . . . . . . . . . . . . . . . . . . . . . . . . . . . . . . . . . . . . . . . . . . Reused . | . . . . . . . . . . . . . . . . . . . . . . . . . . . . . . . . . . . . . . . . . . . . . Traps Extracted . | . . . . . . . . . . . . . . . . . . . . . . . . . . . . . . . . . . . . . . . . . . . . . Installed 3 | . . . . . . . . . . . . . . . 3 . . . . . . . . . . . . . . . . . . . . . . . . . . . . . Triggered 11 | . . . . . . . . . . . . . 2 2 . . . . . . . . . . . . 2 . 2 . . . . 2 . . . . . . . . 1 . Machines | -11 -10 -10 -9 -9 -9 -8 -8 -8 -8 -7 -7 -7 -7 -7 -7 -6 -6 -6 -6 -6 -6 -6 -6 -5 -5 -5 -5 -5 -5 -4 -4 -4 -4 -4 -4 -3 -3 -3 -2 -2 -2 -1 -1 -1 ---------- Run | Scr Mat Min Mat Min Exi Min Mat Gar Mat Fac Was Fac Low Low Dat Pro Fac Was Fac Ext Cet Arc Hub Fac Was Fac Upp Upp War Pro Fac Was Fac Arm Lab Res Qua Gar Res Tes Sec Acc Com Ac0 Machines Disabled 166 | . . . 1 1 . . 3 4 6 . . 10 . . . . . . . 2 2 1 40 17 . 2 . . . . 3 . 8 13 2 . 8 5 2 1 25 3 3 4 Max in Single Turn 16 | . . . 1 . . . 1 2 1 . . 3 . . . . . . . 1 1 . 16 5 . 1 . . . . 2 . 5 2 1 . 2 1 1 1 2 1 1 2 Garrison Access 5 | . . . . . . . . . . . . 2 . . . . . . . . . . . . . . . . . . 1 . . . . 1 . . 1 . . . . . Garrison Relay 5 | . . . . . . . . 2 . . . . . . . . . . . . . . . . . . . . . . . . . . . . . 3 . . . . . . Phase Generator 1 | . . . . . . . . 1 . . . . . . . . . . . . . . . . . . . . . . . . . . . . . . . . . . . . Network Hub 4 | . . . . . . . . . . . . . . . . . . . . . . . 4 . . . . . . . . . . . . . . . . . . . . . Machines Sabotaged . | . . . . . . . . . . . . . . . . . . . . . . . . . . . . . . . . . . . . . . . . . . . . . Garrisons Compromised . | . . . . . . . . . . . . . . . . . . . . . . . . . . . . . . . . . . . . . . . . . . . . . Overloaded Fab Kills . | . . . . . . . . . . . . . . . . . . . . . . . . . . . . . . . . . . . . . . . . . . . . . Fab Network Shutdowns 2 | . . . . . . . . . . . . . . . . . . . . . . . . 1 . . . . . . . . . . . . . . 1 . . . . . Hacking | -11 -10 -10 -9 -9 -9 -8 -8 -8 -8 -7 -7 -7 -7 -7 -7 -6 -6 -6 -6 -6 -6 -6 -6 -5 -5 -5 -5 -5 -5 -4 -4 -4 -4 -4 -4 -3 -3 -3 -2 -2 -2 -1 -1 -1 --------- Run | Scr Mat Min Mat Min Exi Min Mat Gar Mat Fac Was Fac Low Low Dat Pro Fac Was Fac Ext Cet Arc Hub Fac Was Fac Upp Upp War Pro Fac Was Fac Arm Lab Res Qua Gar Res Tes Sec Acc Com Ac0 Machines Accessed 150 | . 7 3 7 . 4 2 11 . 11 . . 8 3 . 4 . 2 . 4 12 3 . 6 4 . 4 . . . . 4 . 3 7 2 4 3 . 10 . 12 6 4 . Terminals 93 | . 5 2 5 . . 2 8 . 7 . . 4 1 . . . . . 3 11 3 . 6 . . 2 . . . . 1 . 1 4 . 1 1 . 5 . 12 5 4 . Fabricators 12 | . . . . . . . . . . . . 1 . . . . . . 1 . . . . 2 . 2 . . . . 2 . . 2 . 1 . . 1 . . . . . Repair Stations 6 | . . . . . . . . . 2 . . . . . . . 2 . . . . . . . . . . . . . . . 1 . . . . . 1 . . . . . Recycling Units 14 | . 2 . 2 . . . 1 . 2 . . 1 . . . . . . . 1 . . . 1 . . . . . . . . . 1 . 1 . . 2 . . . . . Scanalyzers 2 | . . . . . . . 1 . . . . . . . . . . . . . . . . . . . . . . . . . . . . . 1 . . . . . . . Garrison Access 10 | . . . . . . . 1 . . . . 2 . . . . . . . . . . . 1 . . . . . . 1 . 1 . . 1 1 . 1 . . 1 . . Total Hacks 605 | . 23 8 21 . 48 7 30 . 19 . . 17 12 . 26 . 5 . 14 39 4 . 13 20 . 35 . . . . 20 . 15 34 20 13 9 . 50 . 52 30 21 . Successful 348 | . 12 3 13 . 48 4 20 . 12 . . 10 10 . 26 . 2 . 5 18 3 . 5 12 . 17 . . . . 10 . 11 18 20 9 7 . 18 . 17 12 6 . Failed 257 | . 11 5 8 . . 3 10 . 7 . . 7 2 . . . 3 . 9 21 1 . 8 8 . 18 . . . . 10 . 4 16 . 4 2 . 32 . 35 18 15 . Catastrophic 76 | . 2 1 1 . . 1 2 . 2 . . 1 . . . . . . 3 3 1 . 2 3 . 5 . . . . 2 . 3 6 . 1 . . 10 . 15 5 7 . Database Lockouts . | . . . . . . . . . . . . . . . . . . . . . . . . . . . . . . . . . . . . . . . . . . . . . Manual 290 | . 10 6 14 . . 6 16 . 9 . . 8 3 . . . . . 7 23 3 . 9 8 . 23 . . . . 6 . 7 22 . 7 4 . 17 . 35 27 20 . Terminals 356 | . 21 7 18 . . 7 24 . 13 . . 9 4 . . . . . 9 38 4 . 13 . . 22 . . . . 8 . 11 19 . 5 1 . 31 . 52 19 21 . Fabricators 76 | . . . . . . . . . . . . 3 . . . . . . 5 . . . . 17 . 13 . . . . 10 . . 13 . 4 . . 11 . . . . . Repair Stations 13 | . . . . . . . . . 4 . . . . . . . 5 . . . . . . . . . . . . . . . 2 . . . . . 2 . . . . . Recycling Units 21 | . 2 . 3 . . . 1 . 2 . . 2 . . . . . . . 1 . . . 2 . . . . . . . . . 2 . 2 . . 4 . . . . . Scanalyzers 8 | . . . . . . . 4 . . . . . . . . . . . . . . . . . . . . . . . . . . . . . 4 . . . . . . . Garrison Access 28 | . . . . . . . 1 . . . . 3 . . . . . . . . . . . 1 . . . . . . 2 . 2 . . 2 4 . 2 . . 11 . . Terminal Hacks 192 | . 7 2 7 . 48 3 7 . 5 . . 1 10 . 26 . . . 1 10 1 . 2 . . 5 . . . . 3 . 5 3 20 1 . . 6 . 10 5 4 . Record 88 | . . . . . 48 . . . . . . . 8 . 11 . . . . . 1 . . . . . . . . . . . . . 20 . . . . . . . . . Part Schematic 6 | . . . . . . . . . . . . . . . 6 . . . . . . . . . . . . . . . . . . . . . . . . . . . . . Robot Schematic 6 | . . . . . . . . . . . . . . . 6 . . . . . . . . . . . . . . . . . . . . . . . . . . . . . Robot Analysis 4 | . 2 . 1 . . 1 . . . . . . . . . . . . . . . . . . . . . . . . . . . . . . . . . . . . . . Prototype ID Bank 9 | . 2 . 1 . . . 1 . . . . . . . 3 . . . . . . . . . . . . . . . 1 . 1 . . . . . . . . . . . Open Door 12 | . . 1 . . . . . . . . . . 1 . . . . . 1 5 . . . . . . . . . . . . . 1 . . . . . . 1 1 1 . Branch Access Points 3 | . . . . . . . . . . . . 1 . . . . . . . . . . . . . 1 . . . . . . . . . 1 . . . . . . . . Emergency Access Points 3 | . . . . . . . 1 . . . . . . . . . . . . . . . . . . . . . . . 1 . 1 . . . . . . . . . . . Recycling Unit Index 1 | . 1 . . . . . . . . . . . . . . . . . . . . . . . . . . . . . . . . . . . . . . . . . . . Alert Level 2 | . . . . . . 1 1 . . . . . . . . . . . . . . . . . . . . . . . . . . . . . . . . . . . . . Unreport Threat 18 | . . . . . . . . . 1 . . . . . . . . . . . . . 1 . . 1 . . . . . . . 1 . . . . 4 . 4 3 3 . Locate Traps 19 | . 1 . 2 . . . . . 1 . . . . . . . . . . 3 . . 1 . . 2 . . . . 1 . . 1 . . . . 2 . 4 1 . . Disarm Traps 5 | . . . 2 . . . 2 . . . . . . . . . . . . 1 . . . . . . . . . . . . . . . . . . . . . . . . Reprogram Traps 1 | . 1 . . . . . . . . . . . . . . . . . . . . . . . . . . . . . . . . . . . . . . . . . . . Dispatch Records 1 | . . . . . . . . . . . . . 1 . . . . . . . . . . . . . . . . . . . . . . . . . . . . . . . Patrol Status 2 | . . 1 . . . 1 . . . . . . . . . . . . . . . . . . . . . . . . . . . . . . . . . . . . . . Recall Investigation 2 | . . . 1 . . . . . . . . . . . . . . . . 1 . . . . . . . . . . . . . . . . . . . . . . . . Recall Reinforcements 3 | . . . . . . . . . 2 . . . . . . . . . . . . . . . . . . . . . . . 1 . . . . . . . . . . . Hauler Manifests 2 | . . . . . . . . . . . . . . . . . . . . . . . . . . 1 . . . . . . 1 . . . . . . . . . . . Registered Components 2 | . . . . . . . 1 . . . . . . . . . . . . . . . . . . . . . . . . . 1 . . . . . . . . . . . Zone Layout 3 | . . . . . . . 1 . 1 . . . . . . . . . . . . . . . . . . . . . . . . . . . . . . . 1 . . . Fabricator Hacks 22 | . . . . . . . . . . . . 2 . . . . . . 1 . . . . 5 . 3 . . . . 3 . . 4 . 2 . . 2 . . . . . Network Status 1 | . . . . . . . . . . . . . . . . . . . . . . . . 1 . . . . . . . . . . . . . . . . . . . . Load Schematic 11 | . . . . . . . . . . . . 1 . . . . . . 1 . . . . 2 . 1 . . . . 2 . . 2 . 1 . . 1 . . . . . Build 10 | . . . . . . . . . . . . 1 . . . . . . . . . . . 2 . 2 . . . . 1 . . 2 . 1 . . 1 . . . . . Repair Station Hacks 8 | . . . . . . . . . 2 . . . . . . . 2 . . . . . . . . . . . . . . . 2 . . . . . 2 . . . . . Scan Component 4 | . . . . . . . . . 1 . . . . . . . 1 . . . . . . . . . . . . . . . 1 . . . . . 1 . . . . . Repair 4 | . . . . . . . . . 1 . . . . . . . 1 . . . . . . . . . . . . . . . 1 . . . . . 1 . . . . . Recycling Unit Hacks 6 | . . . . . . . . . . . . 1 . . . . . . . 1 . . . 1 . . . . . . . . . 1 . 1 . . 1 . . . . . Retrieve Components 6 | . . . . . . . . . . . . 1 . . . . . . . 1 . . . 1 . . . . . . . . . 1 . 1 . . 1 . . . . . Scanalyzer 5 | . . . . . . . 3 . . . . . . . . . . . . . . . . . . . . . . . . . . . . . 2 . . . . . . . Insert Component 3 | . . . . . . . 1 . . . . . . . . . . . . . . . . . . . . . . . . . . . . . 2 . . . . . . . Analyze 2 | . . . . . . . 2 . . . . . . . . . . . . . . . . . . . . . . . . . . . . . . . . . . . . . Garrison Access Hacks 14 | . . . . . . . 1 . . . . 3 . . . . . . . . . . . . . . . . . . 2 . 1 . . 2 2 . 2 . . 1 . . Unlock Access 2 | . . . . . . . 1 . . . . . . . . . . . . . . . . . . . . . . . . . . . . . 1 . . . . . . . Seal Access 5 | . . . . . . . . . . . . 2 . . . . . . . . . . . . . . . . . . 1 . . . . 1 . . 1 . . . . . Coupler Status 7 | . . . . . . . . . . . . 1 . . . . . . . . . . . . . . . . . . 1 . 1 . . 1 1 . 1 . . 1 . . Unauthorized Hacks 293 | . 11 3 14 . . 2 24 . 10 . . 8 . . . . . . 7 25 4 . 12 14 . 25 . . . . 6 . 6 26 . 10 7 . 17 . 29 22 11 . Terminals 71 | . 3 1 4 . . 1 8 . 3 . . 3 . . . . . . 3 7 2 . 3 . . 6 . . . . 2 . 2 5 . 2 1 . 4 . 7 2 2 . Track 19 | . 2 1 2 . . 1 4 . 1 . . . . . . . . . 1 1 . . . . . 2 . . . . 1 . . 1 . . . . . . 1 . 1 . Assimilate 5 | . . . . . . . 1 . . . . 1 . . . . . . . . . . . . . . . . . . . . . . . 1 . . . . 2 . . . Botnet 35 | . 1 . 2 . . . 2 . 2 . . 2 . . . . . . 1 4 2 . 2 . . 2 . . . . 1 . 1 2 . 1 1 . 4 . 2 2 1 . Detonate 1 | . . . . . . . . . . . . . . . . . . . . . . . . . . . . . . . . . . . . . . . . . 1 . . . Disrupt 6 | . . . . . . . . . . . . . . . . . . . 1 2 . . . . . 1 . . . . . . . 1 . . . . . . 1 . . . Operators 4 | . . . . . . . 1 . . . . . . . . . . . . . . . . . . 1 . . . . . . 1 1 . . . . . . . . . . Sabotage 1 | . . . . . . . . . . . . . . . . . . . . . . . 1 . . . . . . . . . . . . . . . . . . . . . Fabricators 14 | . . . . . . . . . . . . . . . . . . . . . . . . 5 . 3 . . . . . . . 5 . . . . 1 . . . . . Report 3 | . . . . . . . . . . . . . . . . . . . . . . . . 1 . 1 . . . . . . . 1 . . . . . . . . . . Prioritize 3 | . . . . . . . . . . . . . . . . . . . . . . . . 1 . 1 . . . . . . . 1 . . . . . . . . . . Siphon 5 | . . . . . . . . . . . . . . . . . . . . . . . . 2 . . . . . . . . . 2 . . . . 1 . . . . . Haulers 3 | . . . . . . . . . . . . . . . . . . . . . . . . 1 . 1 . . . . . . . 1 . . . . . . . . . . Repair Stations . | . . . . . . . . . . . . . . . . . . . . . . . . . . . . . . . . . . . . . . . . . . . . . Recycling Units 8 | . 2 . 2 . . . 1 . 2 . . . . . . . . . . . . . . . . . . . . . . . . . . 1 . . . . . . . . Recyclers 1 | . . . . . . . . . . . . . . . . . . . . . . . . . . . . . . . . . . . . 1 . . . . . . . . Tunnel 7 | . 2 . 2 . . . 1 . 2 . . . . . . . . . . . . . . . . . . . . . . . . . . . . . . . . . . . Scanalyzers 1 | . . . . . . . . . . . . . . . . . . . . . . . . . . . . . . . . . . . . . 1 . . . . . . . Researchers 1 | . . . . . . . . . . . . . . . . . . . . . . . . . . . . . . . . . . . . . 1 . . . . . . . Garrison Access 7 | . . . . . . . . . . . . . . . . . . . . . . . . 1 . . . . . . . . 1 . . . 1 . . . . 4 . . Broadcast 1 | . . . . . . . . . . . . . . . . . . . . . . . . . . . . . . . . . . . . . . . . . . 1 . . Reprogram 1 | . . . . . . . . . . . . . . . . . . . . . . . . . . . . . . . . . . . . . . . . . . 1 . . Intercept 1 | . . . . . . . . . . . . . . . . . . . . . . . . . . . . . . . . . . . . . . . . . . 1 . . Watchers 1 | . . . . . . . . . . . . . . . . . . . . . . . . . . . . . . . . . . . . . . . . . . 1 . . Eject 3 | . . . . . . . . . . . . . . . . . . . . . . . . 1 . . . . . . . . 1 . . . 1 . . . . . . . Data Cores Recovered 4 | . 1 . . . . . 1 . 1 . . . . . . . . . . . . . . . . . . . . . . . 1 . . . . . . . . . . . Used 2 | . 1 . . . . . . . . . . . . . . . . . . . . . . . . . . . . . . . 1 . . . . . . . . . . . Hacking Detections 106 | . 5 2 5 . . 2 8 . 8 . . 6 1 . . . 2 . 4 9 3 . 6 . . 4 . . . . 3 . 1 6 . 2 2 . 7 . 12 5 3 . Full Trace Events 12 | . . . . . . . . . . . . 2 . . . . . . 2 1 . . 1 . . 1 . . . . 1 . . 1 . . . . 1 . 1 1 . . Feedback Events . | . . . . . . . . . . . . . . . . . . . . . . . . . . . . . . . . . . . . . . . . . . . . . Feedback Blocked . | . . . . . . . . . . . . . . . . . . . . . . . . . . . . . . . . . . . . . . . . . . . . . Robot Schematics Acquired 6 | . . . . . . . . . . . . . . . 6 . . . . . . . . . . . . . . . . . . . . . . . . . . . . . Robots Built 3 | . . . . . . . . . . . . . . . . . . . . . . . . 3 . . . . . . . . . . . . . . . . . . . . Matter 351 | . . . . . . . . . . . . . . . . . . . . . . . . 351 . . . . . . . . . . . . . . . . . . . . Time 93 | . . . . . . . . . . . . . . . . . . . . . . . . 93 . . . . . . . . . . . . . . . . . . . . Total Robot Build Rating 21 | . . . . . . . . . . . . . . . . . . . . . . . . 21 . . . . . . . . . . . . . . . . . . . . Part Schematics Acquired 7 | . . . . . . . 1 . . . . . . . 6 . . . . . . . . . . . . . . . . . . . . . . . . . . . . . Parts Built 7 | . . . . . . . . . . . . 2 . . . . . . . . . . . . . 2 . . . . . . . 1 . 1 . . 1 . . . . . Matter 2114 | . . . . . . . . . . . . 190 . . . . . . . . . . . . . 574 . . . . 318 . . 476 . 318 . . 238 . . . . . Time 805 | . . . . . . . . . . . . 95 . . . . . . . . . . . . . 148 . . . . 84 . . 338 . 56 . . 84 . . . . . Total Part Build Rating 42 | . . . . . . . . . . . . 10 . . . . . . . . . . . . . 14 . . . . . . . 6 . 6 . . 6 . . . . . Parts Repaired 4 | . . . . . . . . . 1 . . . . . . . 1 . . . . . . . . . . . . . . . 1 . . . . . 1 . . . . . Time 252 | . . . . . . . . . 44 . . . . . . . 50 . . . . . . . . . . . . . . . 50 . . . . . 108 . . . . . Parts Recycled . | . . . . . . . . . . . . . . . . . . . . . . . . . . . . . . . . . . . . . . . . . . . . . Recycled Matter . | . . . . . . . . . . . . . . . . . . . . . . . . . . . . . . . . . . . . . . . . . . . . . Retrieved Matter . | . . . . . . . . . . . . . . . . . . . . . . . . . . . . . . . . . . . . . . . . . . . . . Retrieved Components 9 | . . . . . . . . . . . . 2 . . . . . . . 2 . . . . . . . . . . . . . 1 . 1 . . 3 . . . . . Parts Scanalyzed 1 | . . . . . . . 1 . . . . . . . . . . . . . . . . . . . . . . . . . . . . . . . . . . . . . Part Schematics Acquired 1 | . . . . . . . 1 . . . . . . . . . . . . . . . . . . . . . . . . . . . . . . . . . . . . . Parts Damaged . | . . . . . . . . . . . . . . . . . . . . . . . . . . . . . . . . . . . . . . . . . . . . . Bothacking | -11 -10 -10 -9 -9 -9 -8 -8 -8 -8 -7 -7 -7 -7 -7 -7 -6 -6 -6 -6 -6 -6 -6 -6 -5 -5 -5 -5 -5 -5 -4 -4 -4 -4 -4 -4 -3 -3 -3 -2 -2 -2 -1 -1 -1 ------------ Run | Scr Mat Min Mat Min Exi Min Mat Gar Mat Fac Was Fac Low Low Dat Pro Fac Was Fac Ext Cet Arc Hub Fac Was Fac Upp Upp War Pro Fac Was Fac Arm Lab Res Qua Gar Res Tes Sec Acc Com Ac0 Used RIF Installer 2 | . . . . . . . . 1 . . . . . . . . . . . . . . . . . . . . . . . . . . . . . 1 . . . . . . Program Shield 1 | . . . . . . . . . . . . . . . . . . . . . . . . . . . . . . . . . . . . . . 1 . . . . . . Robots Hacked 23 | . . . . . 7 . . . . 1 . . . . 1 . . 6 . . . . . 1 . . . . . . 3 . . . . . 1 . . 1 1 . 1 . Non-combat 5 | . . . . . . . . . . 1 . . . . . . . . . . . . . 1 . . . . . . 3 . . . . . . . . . . . . . Combat 18 | . . . . . 7 . . . . . . . . . 1 . . 6 . . . . . . . . . . . . . . . . . . 1 . . 1 1 . 1 . Robot Hacks Applied 29 | . . . . . 7 . . . . 1 . . . . 1 . . 11 . . . . . 1 . . . . . . 3 . . . . . 1 . . 2 1 . 1 . parse_system 13 | . . . . . 7 . . . . . . . . . 1 . . 3 . . . . . . . . . . . . . . . . . . . . . 1 . . 1 . find_chute 5 | . . . . . . . . . . 1 . . . . . . . . . . . . . 1 . . . . . . 3 . . . . . . . . . . . . . locate_prototypes 3 | . . . . . . . . . . . . . . . . . . . . . . . . . . . . . . . . . . . . . 1 . . 1 1 . . . ignore_targets 8 | . . . . . . . . . . . . . . . . . . 8 . . . . . . . . . . . . . . . . . . . . . . . . . . Manual 1 | . . . . . . . . . . . . . . . . . . . . . . . . . . . . . . . . . . . . . . . . . . . 1 . Relay Couplers Released 25 | . . . . . . . . 7 . . . . . . . . . . . . . . . 3 . . . . . . . . 4 . . . . 11 . . . . . . Ejected 7 | . . . . . . . . . . . . . . . . . . . . . . . . 3 . . . . . . . . 4 . . . . . . . . . . . Machine Destruction 18 | . . . . . . . . 7 . . . . . . . . . . . . . . . . . . . . . . . . . . . . . 11 . . . . . . Attached 3 | . . . . . . . . . . . . . . . . . 1 . . . . . . . . . . . . . . . . . . . 1 . . 1 . . . . Robots Rewired 11 | . . . . . . . . . . 1 . . . . 1 . . . . 3 . . . . . . 2 2 . . 1 . . 1 . . . . . . . . . . Allies Hacked 4 | . . . . . . . . . . . . . . . . . . . . . . . . 2 . . . . . 1 . . 1 . . . . . . . . . . . Hacks Repelled . | . . . . . . . . . . . . . . . . . . . . . . . . . . . . . . . . . . . . . . . . . . . . . Allies | -11 -10 -10 -9 -9 -9 -8 -8 -8 -8 -7 -7 -7 -7 -7 -7 -6 -6 -6 -6 -6 -6 -6 -6 -5 -5 -5 -5 -5 -5 -4 -4 -4 -4 -4 -4 -3 -3 -3 -2 -2 -2 -1 -1 -1 -------- Run | Scr Mat Min Mat Min Exi Min Mat Gar Mat Fac Was Fac Low Low Dat Pro Fac Was Fac Ext Cet Arc Hub Fac Was Fac Upp Upp War Pro Fac Was Fac Arm Lab Res Qua Gar Res Tes Sec Acc Com Ac0 Total Allies 64 | . . 2 . 3 . . . . . 1 1 1 2 . 1 . . . . 12 5 . . 3 1 . 2 2 . . 1 20 . 1 . 1 . . . . 2 3 . . Largest Group 21 | . . 2 . 3 2 2 . . . 1 1 1 2 . . . . . . 7 10 10 8 3 1 . 2 4 4 1 1 21 21 1 . 1 1 . . . 1 3 . . Highest-Rated Group 867 | . . 42 . 40 29 29 . . . 32 32 32 51 . . . . . . 325 742 742 563 141 31 . 78 137 137 29 49 867 867 47 . 26 26 . . . 44 174 . . Highest-Rated Ally 156 | . . 31 . 16 16 16 . . . 32 32 32 31 . . . . . . 156 156 156 94 47 31 . 49 49 49 29 49 49 49 47 . 26 26 . . . 44 58 . . Total Orders 179 | . . . . . . . . . . 2 2 . . . . . . . . . . . 3 2 . 1 16 35 11 2 . . 9 9 . 6 1 32 29 5 14 . . . STAY 3 | . . . . . . . . . . . . . . . . . . . . . . . . . . . 1 . . . . . . . . . . 1 . . 1 . . . GOTO 53 | . . . . . . . . . . 1 1 . . . . . . . . . . . 3 2 . . 5 7 7 . . . 9 2 . 3 1 7 1 1 3 . . . FOLLOW 22 | . . . . . . . . . . 1 1 . . . . . . . . . . . . . . . 1 7 3 . . . . 2 . 2 . 2 2 . 1 . . . EXPLORE 13 | . . . . . . . . . . . . . . . . . . . . . . . . . . . 4 6 . 1 . . . . . . . 1 1 . . . . . RETURN 88 | . . . . . . . . . . . . . . . . . . . . . . . . . . 1 5 15 1 1 . . . 5 . 1 . 21 25 4 9 . . . Ally Attacks 778 | . . 10 . 32 . 5 . . . . . 1 5 . 2 . . . . 33 43 10 76 16 10 . 18 91 . 16 . . 107 48 . . . 110 92 5 38 10 . . Total Damage 17097 | . . 191 . 341 . 49 . . . . . 63 83 . 62 . . . . 896 1064 168 2327 496 217 . 415 1789 . 302 . . 2860 832 . . . 2135 1720 133 613 341 . . Kills 105 | . . 6 . 7 . . . . . . . 1 . . 1 . . . . 3 9 2 15 2 . . 3 16 . . . . 19 2 . . . 8 7 . 3 1 . . Allies Corrupted 16 | . . . . . . . . . . . . . . . 1 . . . . . . . 6 . . . . . 6 . . . 1 . . . . . . . 2 . . . Allies Melted 1 | . . . . . . . . . . . . . . 1 . . . . . . . . . . . . . . . . . . . . . . . . . . . . . . Intel | -11 -10 -10 -9 -9 -9 -8 -8 -8 -8 -7 -7 -7 -7 -7 -7 -6 -6 -6 -6 -6 -6 -6 -6 -5 -5 -5 -5 -5 -5 -4 -4 -4 -4 -4 -4 -3 -3 -3 -2 -2 -2 -1 -1 -1 ------- Run | Scr Mat Min Mat Min Exi Min Mat Gar Mat Fac Was Fac Low Low Dat Pro Fac Was Fac Ext Cet Arc Hub Fac Was Fac Upp Upp War Pro Fac Was Fac Arm Lab Res Qua Gar Res Tes Sec Acc Com Ac0 Robot Analysis Total 119 | . 2 . 1 . . 1 . . . . . . . . 115 . . . . . . . . . . . . . . . . . . . . . . . . . . . . . Derelict Logs Recovered 16 | . . 3 . 2 . . . . . . . . 2 2 . 3 . . . . . . . . . . 2 1 . 1 . . . . . . . . . . . . . . Drone Launches 122 | . . . . . . . . . . . . . . . . . . . . . . . . . . 7 10 18 . 1 . . 3 7 . 2 . 24 31 5 14 . . . Drone Recoveries 101 | . . . . . . . . . . . . . . . . . . . . . . . . . . 1 8 17 . . . . . 5 . 2 . 24 27 5 12 . . . Exploration | -11 -10 -10 -9 -9 -9 -8 -8 -8 -8 -7 -7 -7 -7 -7 -7 -6 -6 -6 -6 -6 -6 -6 -6 -5 -5 -5 -5 -5 -5 -4 -4 -4 -4 -4 -4 -3 -3 -3 -2 -2 -2 -1 -1 -1 ------------- Run | Scr Mat Min Mat Min Exi Min Mat Gar Mat Fac Was Fac Low Low Dat Pro Fac Was Fac Ext Cet Arc Hub Fac Was Fac Upp Upp War Pro Fac Was Fac Arm Lab Res Qua Gar Res Tes Sec Acc Com Ac0 Turns Passed 37043 | 68 842 2282 946 1742 962 1778 1558 900 2088 125 314 1319 1470 990 250 1039 153 584 416 1271 319 949 682 495 214 612 924 725 504 614 260 235 486 1248 212 349 273 654 875 352 1261 123 3246 334 Spaces Moved 27399 | 37 438 1132 447 931 470 803 649 450 882 120 322 1317 1569 1252 174 1222 133 213 300 1075 172 232 395 476 114 516 1246 927 88 817 268 350 337 681 212 277 409 489 683 243 1315 296 2649 271 Core 5 | 5 . . . . . . . . . . . . . . . . . . . . . . . . . . . . . . . . . . . . . . . . . . . . Treads 6234 | 32 438 1132 447 931 470 803 649 450 882 . . . . . . . . . . . . . . . . . . . . . . . . . . . . . . . . . . . Legs . | . . . . . . . . . . . . . . . . . . . . . . . . . . . . . . . . . . . . . . . . . . . . . Wheels . | . . . . . . . . . . . . . . . . . . . . . . . . . . . . . . . . . . . . . . . . . . . . . Hover 21160 | . . . . . . . . . . 120 322 1317 1569 1252 174 1222 133 213 300 1075 172 232 395 476 114 516 1246 927 88 817 268 350 337 681 212 277 409 489 683 243 1315 296 2649 271 Flight . | . . . . . . . . . . . . . . . . . . . . . . . . . . . . . . . . . . . . . . . . . . . . . Fastest Speed 17 | 50 160 160 180 180 180 200 165 165 165 68 68 68 68 68 65 65 65 65 58 58 108 98 98 58 108 58 62 62 62 62 55 55 53 41 41 41 36 36 27 28 18 28 17 17 Average Speed 85 | 145 160 160 180 180 196 200 171 165 166 68 68 76 68 68 88 65 65 97 101 85 139 106 107 62 108 66 62 62 62 62 56 55 58 55 51 41 42 36 33 29 28 28 36 34 Slowest Speed 245 | 160 160 160 180 180 200 200 200 165 245 68 68 142 68 68 196 65 65 131 131 186 163 108 163 115 116 138 62 62 62 62 62 55 124 112 106 41 106 36 106 92 134 28 92 160 Overloaded Moves 292 | . . . . . . . . . . . . . . . . . . . . . . . . . . . . . . . . . . . . . . . . . 76 . 19 197 Propulsion Burnouts . | . . . . . . . . . . . . . . . . . . . . . . . . . . . . . . . . . . . . . . . . . . . . . Robots Hopped . | . . . . . . . . . . . . . . . . . . . . . . . . . . . . . . . . . . . . . . . . . . . . . Cave-ins Triggered . | . . . . . . . . . . . . . . . . . . . . . . . . . . . . . . . . . . . . . . . . . . . . . Teleports 3 | . . . . . . . . . . . . . . . . . . . . . . . . . . . . . . . . . . . 1 . . . . . . . 1 1 Exploration Rate (%) 60 | 4 81 99 43 98 77 96 70 69 95 3 96 49 99 93 78 97 4 100 12 85 74 84 53 14 71 14 99 99 21 96 13 96 12 53 98 11 52 64 30 38 69 11 84 31 Regions Visited 44 Branch Regions 23 Pre-discovered Areas 31 | . 2 2 2 . 1 . 1 . 2 . . . . . 21 . . . . . . . . . . . . . . . . . . . . . . . . . . . . . Known Exits Taken 18 | . . . . 1 . . 1 . . . . 1 1 1 1 1 . . 1 . . . 1 . . 1 . . . 1 . . 1 . . 1 1 . 1 1 1 1 . . Unknown Exits Taken 16 | 1 1 1 1 . 1 1 . . 1 . . . . . . . . . . 1 1 1 . . . . 1 1 1 . . . . 1 1 . . . . . . . 1 . Scrap Searched 24 | . . 1 . 1 . 1 . . . . . . 2 4 . 5 . . . . . . . . . . 4 5 . 1 . . . . . . . . . . . . . . Spaces Dug 654 | . . 2 . . . . . 28 24 . . 17 2 15 . 24 3 4 16 1 . . 144 42 6 4 2 1 . 48 6 . 10 46 . 1 61 20 7 . 90 . 30 . Terrain Destroyed 4829 | . . 2 . . . . 1 113 210 . . 83 6 36 6 24 3 4 20 34 21 12 617 112 6 14 4 11 8 49 6 . 74 157 1 4 61 20 13 18 142 14 41 2882 Melee 54 | . . . . . . . . . 8 . . 17 2 1 . 14 3 4 4 1 . . . . . . . . . . . . . . . . . . . . . . . . Projectile 321 | . . 2 . . . . 1 . 7 . . . 4 . . . . . . 3 . 12 5 12 6 14 4 11 8 10 6 . 17 29 1 4 23 20 13 3 36 14 24 32 AOE 4454 | . . . . . . . . 113 195 . . 66 . 35 6 10 . . 16 30 21 . 612 100 . . . . . 39 . . 57 128 . . 38 . . 15 106 . 17 2850 Actions | -11 -10 -10 -9 -9 -9 -8 -8 -8 -8 -7 -7 -7 -7 -7 -7 -6 -6 -6 -6 -6 -6 -6 -6 -5 -5 -5 -5 -5 -5 -4 -4 -4 -4 -4 -4 -3 -3 -3 -2 -2 -2 -1 -1 -1 --------- Run | Scr Mat Min Mat Min Exi Min Mat Gar Mat Fac Was Fac Low Low Dat Pro Fac Was Fac Ext Cet Arc Hub Fac Was Fac Upp Upp War Pro Fac Was Fac Arm Lab Res Qua Gar Res Tes Sec Acc Com Ac0 Total 37767 | 48 515 1551 549 965 496 883 950 538 1212 156 387 1498 1944 1374 259 1443 194 428 377 1318 234 877 569 595 154 714 1386 1041 513 893 349 393 555 1287 277 490 487 925 1224 510 1970 327 4474 438 Wait 5912 | . 19 371 43 7 1 9 146 21 73 4 35 33 351 90 14 196 53 17 33 94 8 574 100 5 . 62 118 82 414 50 36 27 76 251 3 175 16 348 299 220 111 11 1309 7 Move 27359 | 36 437 1131 446 930 469 802 649 449 881 120 321 1316 1568 1251 173 1221 133 212 299 1074 171 231 395 476 113 515 1245 926 87 816 268 349 336 680 211 276 409 487 682 242 1314 295 2647 270 Hop . | . . . . . . . . . . . . . . . . . . . . . . . . . . . . . . . . . . . . . . . . . . . . . Pick Up 445 | 6 7 5 15 . 5 4 14 7 28 5 4 11 2 4 10 2 1 9 5 16 8 5 8 10 3 24 3 1 . . 3 3 21 29 8 4 9 6 25 10 51 1 40 13 Fast Attach 267 | 6 3 1 4 1 1 1 9 . 11 2 1 12 . . 7 2 2 3 3 7 8 11 3 5 . 9 1 . . . 5 4 12 21 10 4 7 1 16 1 39 1 24 9 Attach 334 | . . 3 4 . 2 3 6 2 2 7 . 6 1 1 9 . 1 . 2 15 2 1 2 14 1 17 . . . . 3 1 15 26 5 1 7 2 27 8 72 3 32 31 Detach 155 | . . . 2 . 2 . 1 . 1 . . 1 . 1 3 . . 1 . 6 3 . . 6 . 2 . . . . . 1 10 16 1 . 5 1 18 4 43 2 18 7 Swap 390 | . 3 3 2 3 2 11 13 5 36 5 3 15 8 20 7 3 1 4 9 7 8 11 7 19 6 10 8 1 . 7 9 1 20 46 1 . 3 . 11 . 26 2 20 14 Drop 546 | . 4 3 10 4 2 3 24 6 15 6 7 14 1 1 16 4 . 10 9 13 12 16 11 13 4 25 3 2 . 1 6 7 24 41 14 7 9 6 36 9 72 3 60 13 Fire 2010 | . 41 23 21 15 . 39 81 46 148 7 16 52 11 5 16 1 . 168 5 39 14 28 43 47 27 47 7 18 12 19 19 . 40 156 24 23 22 44 97 16 238 9 254 72 Melee 101 | . . . . . 12 . . . 8 . . 20 2 1 1 14 3 4 12 20 . . . . . . . . . . . . . . . . . . . . . . 4 . Ram 4 | . . . . . . . . . . . . 1 . . . . . . . 1 . . . . . . . . . . . . . . . . . . . . . . . 2 Kick . | . . . . . . . . . . . . . . . . . . . . . . . . . . . . . . . . . . . . . . . . . . . . . Crush 46 | . 1 11 2 5 . 11 7 . 9 . . . . . . . . . . . . . . . . . . . . . . . . . . . . . . . . . . . Escape Stasis 160 | . . . . . . . . 2 . . . 17 . . . . . . . 26 . . . . . . . . . . . . . 3 . . . 30 12 . 4 . 66 . Rewire 29 | . . . . . . . . . . . . . . . . . . . . . . . . . . . . 11 . . . . . 18 . . . . . . . . . . Trap 3 | . . . . . . . . . . . . . . . 3 . . . . . . . . . . . . . . . . . . . . . . . . . . . . . Miscellaneous 6 | . . . . . . . . . . . . . . . . . . . . . . . . . . 3 1 . . . . . 1 . . . . . 1 . . . . . Route ------- -11/Scrapyard -10/Materials (discovered 3 exits: *Mat x2 / *Min) -10/Mines (discovered 2 exits: *Mat x2) -9/Materials (discovered 2 exits: *Mat / [*Min]) -9/Mines (discovered 3 exits: *Mat x2 / *Exi) -9/Exiles -8/Mines (discovered 2 exits: *Mat x2) -8/Materials (discovered 3 exits: [*Fac x2] / Gar) -8/Garrison (discovered 2 exits: *Mat x2) -8/Materials (discovered 3 exits: [*Fac x3]) -7/Factory -7/Waste -7/Factory (discovered 5 exits: *Fac / *Sto x2 / *Low x2) -7/Lower Caves -7/Lower Caves (discovered 2 exits: *Fac / *Dat) -7/Data Miner -6/Proximity Caves -6/Factory (discovered 2 exits: Fac / Ext) -6/Waste -6/Factory (discovered 2 exits: [*Low] / *Ext) -6/Extension (discovered 3 exits: *Fac x2 / *Cet) -6/Cetus (discovered 2 exits: *Fac / [*Arc]) -6/Archives (discovered 2 exits: *Fac / *Hub) -6/Hub_04(d) (discovered 3 exits: *Fac x3) -5/Factory -5/Waste -5/Factory (discovered 2 exits: *Upp x2) -5/Upper Caves -5/Upper Caves (discovered 2 exits: *Fac / [*War]) -5/Warlord -4/Proximity Caves -4/Factory -4/Waste -4/Factory -4/Armory (discovered 2 exits: *Res / *Lab) -4/Lab -3/Research (discovered 3 exits: Res / *Qua x2) -3/Quarantine -3/Garrison (discovered 2 exits: *Res x2) -2/Research -2/Testing (discovered 2 exits: *Acc / *Sec) -2/Section 7 -1/Access -1/Command (discovered 3 exits: [*Sur x2] / [*Ac0]) -1/Access_0 0b11 Command History --------- Turn | Location | Event 11 | -11/Scrapyard | Discovered new exit (range 16) 69 | -11/Scrapyard | Entered Materials 300 | -10/Materials | Build established: Mutant 398 | -10/Materials | Discovered new exit (range 16) 530 | -10/Materials | Discovered new exit (range 6) 688 | -10/Materials | Discovered new exit (range 15) 911 | -10/Materials | Entered Mines 1030 | -10/Mines | Learned location of Zion (-6) 1076 | -10/Mines | Discovered new exit (range 9) 1083 | -10/Mines | A weapon hastily lodged in a ceiling crevice suddenly fell to the ground 1346 | -10/Mines | Assembled infested the area 2003 | -10/Mines | Discovered new exit (range 6) 2121 | -10/Mines | Met a Derelict who couldn't figure out how to use a Trap Extractor 2783 | -10/Mines | Lost 3 parts (1p2w) 3193 | -10/Mines | Entered Materials 3193 | -9/Materials | Evolved 2 slots: Utility x2 3683 | -9/Materials | Discovered new exit (range 16) 4004 | -9/Materials | Discovered new exit (range 16) 4139 | -9/Materials | Entered Mines 4244 | -9/Mines | Assisted by bots powering up and referring to "LRC-V3" 4276 | -9/Mines | Discovered new exit (range 9) 4278 | -9/Mines | Identified exit to Exiles 4469 | -9/Mines | Discovered new exit (range 5) 4526 | -9/Mines | Deemed a non-threat by the Exiles lab entrance 5137 | -9/Mines | Build established: Scavenger-Mutant 5881 | -9/Mines | Entered Exiles 5881 | -9/Exiles | Accompanied by 2 allies 5926 | -9/Exiles | Met 8R-AWN 5955 | -9/Exiles | Met EX-HEX 6078 | -9/Exiles | Met EX-DEC 6111 | -9/Exiles | Visited The Gauntlet 6252 | -9/Exiles | Met EX-BIN 6326 | -9/Exiles | Build established: Hauler-Mutant 6812 | -9/Exiles | Discovered new exit (range 14) 6843 | -9/Exiles | Entered Mines 6843 | -8/Mines | Accompanied by 2 allies 7454 | -8/Mines | Discovered new exit (range 13) 7910 | -8/Mines | Discovered new exit (range 9) 8121 | -8/Mines | Build established: Scavenger-Mutant 8621 | -8/Mines | Entered Materials 8621 | -8/Materials | Evolved 2 slots: Propulsion x1, Utility x1 9017 | -8/Materials | Discovered new exit (range 8) 9444 | -8/Materials | Build established: Hauler-Mutant 10059 | -8/Materials | Garrison activated, responded to threat 10136 | -8/Materials | Discovered new exit (range 8) 10179 | -8/Materials | Identified exit to Garrison 10179 | -8/Materials | Entered Garrison 10304 | -8/Garrison | Triggered checkpoint 10378 | -8/Garrison | Phase Generator disabled 10534 | -8/Garrison | Triggered checkpoint 10604 | -8/Garrison | Discovered new exit (range 12) 10710 | -8/Garrison | Triggered checkpoint 10754 | -8/Garrison | Discovered new exit (range 12) 10783 | -8/Garrison | Installed Relay Interface Framework 10840 | -8/Garrison | Triggered checkpoint 10854 | -8/Garrison | Garrison Relay disabled 10994 | -8/Garrison | Triggered checkpoint 11023 | -8/Garrison | Garrison Relay disabled 11079 | -8/Garrison | Entered Materials 11732 | -8/Materials | Lost 3 parts (2n1u) 11879 | -8/Materials | First assault squad dispatched 11921 | -8/Materials | Discovered new exit (range 8) 12258 | -8/Materials | Discovered new exit (range 16) 12456 | -8/Materials | Repaired Hrd. Heavy Armor Plating 12871 | -8/Materials | Destroyed 8 combat bots 13059 | -8/Materials | Discovered new exit (range 13) 13167 | -8/Materials | Entered Factory 13167 | -7/Factory | Evolved 2 slots: Propulsion x1, Utility x1 13168 | -7/Factory | Identified exit to Storage 13292 | -7/Factory | Manually triggered Chute Trap 13292 | -7/Factory | Sucked down chute 13292 | -7/Factory | Entered Waste 13292 | -7/Waste | The area was eerily silent 13292 | -7/Waste | Met up with 1 ally sucked down the chute earlier 13331 | -7/Waste | Found Damper Plating 13469 | -7/Waste | Build established: Scavenger-Mutant 13481 | -7/Waste | Discovered new exit (range 12) 13493 | -7/Waste | Found Damper Plating 13606 | -7/Waste | Entered Factory 13606 | -7/Factory | Accompanied by 1 ally 13841 | -7/Factory | Found Powered Armor 13844 | -7/Factory | Found Powered Armor 13848 | -7/Factory | Found Powered Armor 13958 | -7/Factory | Discovered new exit (range 6) 14387 | -7/Factory | Fabricated Cmb. Airjet? 14510 | -7/Factory | Lost 3 parts (1u2w) 14523 | -7/Factory | Discovered exit to Storage (range 7) 14753 | -7/Factory | Build established: Hauler-Mutant 14771 | -7/Factory | Lost 3 parts (1p1u1w) 14872 | -7/Factory | Identified exit to Lower Caves 14925 | -7/Factory | Entered Lower Caves 15103 | -7/Lower Caves | A Commander dispatched an escort 15109 | -7/Lower Caves | Learned location of 1 exit from Research 15109 | -7/Lower Caves | Learned Research trap positions 15109 | -7/Lower Caves | Learned Extension emergency access door positions 15109 | -7/Lower Caves | Learned Research stockpile data 15109 | -7/Lower Caves | Learned Extension stockpile data 15159 | -7/Lower Caves | Encountered a Warlord checkpoint 15167 | -7/Lower Caves | Learned Factory trap positions 15323 | -7/Lower Caves | Discovered new exit (range 6) 15327 | -7/Lower Caves | Identified exit to Lower Caves 15577 | -7/Lower Caves | Learned Factory trap positions 15635 | -7/Lower Caves | Attracted the attention of an 0b10 checkpoint 16395 | -7/Lower Caves | Entered another Lower Caves area 16395 | -7/Lower Caves | Accompanied by 2 allies 16396 | -7/Lower Caves | Commander's escort returned to base 16396 | -7/Lower Caves | Commander's escort returned to base 16408 | -7/Lower Caves | Learned 4 Factory zone layouts 16438 | -7/Lower Caves | Discovered new exit (range 10) 16444 | -7/Lower Caves | Identified exit to Factory 16567 | -7/Lower Caves | Encountered a Warlord checkpoint 16572 | -7/Lower Caves | Learned location of 1 exit from Factory 16849 | -7/Lower Caves | Discovered new exit (range 14) 17385 | -7/Lower Caves | Identified exit to Data Miner 17385 | -7/Lower Caves | Entered Data Miner 17385 | -7/Data Miner | Discovered new exit (range 6) 17389 | -7/Data Miner | Identified exit to Proximity Caves 17398 | -7/Data Miner | Met Data Miner 17410 | -7/Data Miner | Learned location of Section 7 (-2) 17410 | -7/Data Miner | Acquired the access code to Warlord's prototype stash 17422 | -7/Data Miner | Received God Mode back door access code from Data Miner 17479 | -7/Data Miner | Interfaced with the Data Conduit 17513 | -7/Data Miner | Core integrity fell below 50% 17563 | -7/Data Miner | Lost 5 parts (1p2n1u1w) 17635 | -7/Data Miner | Entered Proximity Caves 17831 | -6/Proximity Caves | Learned location of 1 exit from Factory 17968 | -6/Proximity Caves | Build established: Derelict-Scout 17999 | -6/Proximity Caves | Learned Factory interactive machine intel 18084 | -6/Proximity Caves | Learned Factory emergency access door positions 18493 | -6/Proximity Caves | Discovered exit to Factory (range 9) 18674 | -6/Proximity Caves | Entered Factory 18674 | -6/Factory | Evolved 2 slots: Utility x2 18675 | -6/Factory | Identified exit to Factory 18675 | -6/Factory | Identified exit to Extension 18677 | -6/Factory | Loaded intel: 111 trap records 18679 | -6/Factory | Loaded intel: 307 machine locations 18680 | -6/Factory | Loaded intel: 46 interactive machine locations 18770 | -6/Factory | Repaired Cmb. Airjet 18827 | -6/Factory | Sucked down chute 18827 | -6/Factory | Entered Waste 18842 | -6/Waste | EMP discharged 18870 | -6/Waste | Spotted C-40 Crusher 18871 | -6/Waste | Spotted C-40 Crusher 18872 | -6/Waste | Spotted C-40 Crusher 18887 | -6/Waste | Spotted C-40 Crusher 18942 | -6/Waste | EMP discharged 18942 | -6/Waste | System corruption reached 10% 18965 | -6/Waste | Spotted C-40 Crusher 19029 | -6/Waste | Destroyed C-40 Crusher 19042 | -6/Waste | EMP discharged 19135 | -6/Waste | Destroyed C-40 Crusher 19141 | -6/Waste | Found Damper Plating 19142 | -6/Waste | EMP discharged 19181 | -6/Waste | Build established: Mutant 19224 | -6/Waste | Destroyed C-40 Crusher 19242 | -6/Waste | EMP discharged 19244 | -6/Waste | Destroyed C-40 Crusher 19304 | -6/Waste | Destroyed C-40 Crusher 19310 | -6/Waste | Destroyed C-40 Crusher 19323 | -6/Waste | Found Damper Plating 19342 | -6/Waste | EMP discharged 19380 | -6/Waste | Discovered new exit (range 18) 19411 | -6/Waste | Entered Factory 19412 | -6/Factory | Loaded intel: 97 trap records 19413 | -6/Factory | Loaded intel: 238 machine locations 19553 | -6/Factory | Build established: Hauler-Mutant 19650 | -6/Factory | Discovered new exit (range 3) 19822 | -6/Factory | Discovered exit to Extension (range 10) 19827 | -6/Factory | Entered Extension 19830 | -6/Extension | Loaded intel: 39 machine locations 19865 | -6/Extension | Rescued a captive Derelict 19866 | -6/Extension | Rescued a captive Derelict 20010 | -6/Extension | Build established: Hauler-Scout 20311 | -6/Extension | Spotted B-75 Beast 20350 | -6/Extension | Destroyed B-75 Beast 20359 | -6/Extension | Discovered exit to Factory (range 17) 20359 | -6/Extension | Spotted B-75 Beast 20435 | -6/Extension | Lost 5 parts (1p1n2u1w) 20497 | -6/Extension | Rescued a captive Derelict 20498 | -6/Extension | Rescued a captive Derelict 20653 | -6/Extension | Build established: Hauler-Mutant 20681 | -6/Extension | Rescued A7 20718 | -6/Extension | Rescued a captive Derelict 20755 | -6/Extension | Rescued a captive Derelict 20800 | -6/Extension | Rescued a captive Derelict 20801 | -6/Extension | Rescued a captive Derelict 20883 | -6/Extension | Discovered exit to Factory (range 10) 20890 | -6/Extension | Discovered new exit (range 6) 21074 | -6/Extension | Disrupted transfer network 21098 | -6/Extension | Entered Cetus 21098 | -6/Cetus | Accompanied by 7 allies 21099 | -6/Cetus | Loaded intel: 24 machine locations 21103 | -6/Cetus | Acquired a Cetus Manufacturing Module code from A7 21125 | -6/Cetus | Spotted Cetus Guard 21126 | -6/Cetus | Spotted Cetus Guard 21131 | -6/Cetus | Spotted Cetus Guard 21132 | -6/Cetus | Spotted Cetus Guard 21135 | -6/Cetus | Allies destroyed Cetus Guard 21137 | -6/Cetus | Destroyed Cetus Guard 21140 | -6/Cetus | Destroyed Cetus Guard 21142 | -6/Cetus | Allies destroyed Cetus Guard 21224 | -6/Cetus | Started Cetus Manufacturing Module 21243 | -6/Cetus | Found a strange terminal 21249 | -6/Cetus | Manufactured an Enhanced Grunt 21274 | -6/Cetus | Manufactured an Enhanced Grunt 21282 | -6/Cetus | Escorted A7 to Cetus Mainframe 21295 | -6/Cetus | Discovered new exit (range 16) 21299 | -6/Cetus | Manufactured an Enhanced Grunt 21324 | -6/Cetus | Manufactured an Enhanced Grunt 21328 | -6/Cetus | Spotted Cetus Guard 21329 | -6/Cetus | Spotted Cetus Guard 21332 | -6/Cetus | Spotted Cetus Guard 21335 | -6/Cetus | Spotted Cetus Guard 21337 | -6/Cetus | Allies destroyed Cetus Guard 21340 | -6/Cetus | Destroyed Cetus Guard 21340 | -6/Cetus | Allies destroyed Cetus Guard 21344 | -6/Cetus | Destroyed Cetus Guard 21349 | -6/Cetus | Manufactured an Enhanced Grunt 21356 | -6/Cetus | Discovered exit to Factory (range 16) 21366 | -6/Cetus | Met Revision 17 21417 | -6/Cetus | Entered Archives 21417 | -6/Archives | Accompanied by 10 allies 21418 | -6/Archives | Loaded intel: 8 machine locations 21422 | -6/Archives | Received a hacking code to weaken MAIN.C 21474 | -6/Archives | Build established: Scavenger-Mutant 21574 | -6/Archives | Discovered new exit (range 15) 22249 | -6/Archives | Discovered exit to Factory (range 16) 22366 | -6/Archives | Entered Hub_04(d) 22366 | -6/Hub_04(d) | Accompanied by 8 allies 22367 | -6/Hub_04(d) | Loaded intel: 103 machine locations 22595 | -6/Hub_04(d) | Discovered exit to Factory (range 11) 22600 | -6/Hub_04(d) | Discovered exit to Factory (range 15) 22695 | -6/Hub_04(d) | Found Hvy. Reactive Plating 22742 | -6/Hub_04(d) | Discovered exit to Factory (range 6) 22824 | -6/Hub_04(d) | Network Hub disabled 22830 | -6/Hub_04(d) | Network Hub disabled 22867 | -6/Hub_04(d) | Spotted Lightning 22880 | -6/Hub_04(d) | Network Hub disabled 22896 | -6/Hub_04(d) | Network Hub disabled 22915 | -6/Hub_04(d) | Spotted Lightning 22916 | -6/Hub_04(d) | Spotted Lightning 22942 | -6/Hub_04(d) | Spotted Lightning 22943 | -6/Hub_04(d) | Spotted Lightning 22944 | -6/Hub_04(d) | Destroyed Lightning 22947 | -6/Hub_04(d) | Spotted Lightning 22948 | -6/Hub_04(d) | Destroyed Lightning 22990 | -6/Hub_04(d) | Spotted Lightning 22992 | -6/Hub_04(d) | Spotted Lightning 23018 | -6/Hub_04(d) | Destroyed Lightning 23022 | -6/Hub_04(d) | Spotted Lightning 23034 | -6/Hub_04(d) | Destroyed Lightning 23038 | -6/Hub_04(d) | Found Exp. Targeting Computer 23048 | -6/Hub_04(d) | Entered Factory 23048 | -5/Factory | Evolved 2 slots: Power x1, Propulsion x1 23049 | -5/Factory | Loaded intel: 246 machine locations 23150 | -5/Factory | Fabricated G-67 Veteran? 23267 | -5/Factory | Intercept squad dispatched 23271 | -5/Factory | Spotted Tracker 23318 | -5/Factory | Spotted Combat Programmer 23328 | -5/Factory | Destroyed Tracker 23359 | -5/Factory | Destroyed Combat Programmer 23376 | -5/Factory | Found Exp. Phase Shifter 23451 | -5/Factory | Local fabrication network quarantined 23516 | -5/Factory | Discovered new exit (range 13) 23543 | -5/Factory | Sucked down chute 23543 | -5/Factory | Entered Waste 23544 | -5/Waste | Met a frightened Derelict 23558 | -5/Waste | EMP discharged 23610 | -5/Waste | Spotted C-40 Crusher 23625 | -5/Waste | Spotted C-40 Crusher 23626 | -5/Waste | Spotted C-40 Crusher 23626 | -5/Waste | Spotted C-40 Crusher 23658 | -5/Waste | EMP discharged 23686 | -5/Waste | Spotted C-40 Crusher 23700 | -5/Waste | Spotted C-40 Crusher 23711 | -5/Waste | Discovered new exit (range 16) 23736 | -5/Waste | Destroyed C-40 Crusher 23751 | -5/Waste | Destroyed C-40 Crusher 23757 | -5/Waste | Entered Factory 23758 | -5/Factory | Loaded intel: 264 machine locations 23962 | -5/Factory | Fabricated Combat Drone Bay (x1) 23995 | -5/Factory | Identified exit to Upper Caves 24173 | -5/Factory | Lost 4 parts (1p1n1u1w) 24354 | -5/Factory | Fabricated Com. HERF Cannon (x1) 24369 | -5/Factory | Entered Upper Caves 24369 | -5/Upper Caves | Accompanied by 6 allies 24460 | -5/Upper Caves | Encountered a Warlord checkpoint 24462 | -5/Upper Caves | Learned Factory emergency access door positions 24613 | -5/Upper Caves | Attracted the attention of an 0b10 outpost 24666 | -5/Upper Caves | Discovered new exit (range 53) 24779 | -5/Upper Caves | Learned Factory stockpile data 25293 | -5/Upper Caves | Entered another Upper Caves area 25293 | -5/Upper Caves | Accompanied by 8 allies 25346 | -5/Upper Caves | Discovered new exit (range 22) 25506 | -5/Upper Caves | Discovered new exit (range 75) 25514 | -5/Upper Caves | Learned Factory stockpile data 25577 | -5/Upper Caves | Attracted the attention of an 0b10 outpost 26018 | -5/Upper Caves | Entered Warlord 26018 | -5/Warlord | Accompanied by 9 allies 26045 | -5/Warlord | System corruption cleaned by Quarantine Array 26048 | -5/Warlord | RIF detected upon attempting to enter Warlord's base 26048 | -5/Warlord | Attacked by Warlord forces 26055 | -5/Warlord | Discovered new exit (range 23) 26422 | -5/Warlord | Warlord's base attacked by MAIN.C 26522 | -5/Warlord | Entered Proximity Caves 26522 | -4/Proximity Caves | Accompanied by 3 allies 26617 | -4/Proximity Caves | Spotted B-86 Titan 26638 | -4/Proximity Caves | Destroyed B-86 Titan 26803 | -4/Proximity Caves | Identified exit to Factory 27136 | -4/Proximity Caves | Entered Factory 27136 | -4/Factory | Evolved 2 slots: Propulsion x1, Utility x1 27137 | -4/Factory | Identified exit to Armory 27140 | -4/Factory | Loaded intel: 340 machine locations 27253 | -4/Factory | Build established: Hauler-Mutant 27396 | -4/Factory | Sucked down chute 27396 | -4/Factory | Entered Waste 27397 | -4/Waste | Joined by Warlord forces that had cleared the area 27425 | -4/Waste | 1 allies followed down the chute 27443 | -4/Waste | Found Damper Plating 27449 | -4/Waste | Found Damper Plating 27473 | -4/Waste | Discovered new exit (range 13) 27631 | -4/Waste | Entered Factory 27631 | -4/Factory | Accompanied by 21 allies 27633 | -4/Factory | Loaded intel: 209 machine locations 27735 | -4/Factory | Repaired Cmb. Airjet 27811 | -4/Factory | Found Prototype Hackware 27861 | -4/Factory | Garrison activated, responded to threat 27866 | -4/Factory | Garrison activated, responded to threat 27939 | -4/Factory | Intercept squad dispatched 27952 | -4/Factory | Spotted Tracker 27966 | -4/Factory | Destroyed Tracker 28023 | -4/Factory | Spotted Combat Programmer 28039 | -4/Factory | Destroyed Combat Programmer 28059 | -4/Factory | Found Exp. Focal Shield 28095 | -4/Factory | Discovered exit to Armory (range 12) 28117 | -4/Factory | Entered Armory 28118 | -4/Armory | Loaded intel: 77 machine locations 28172 | -4/Armory | Build established: Scavenger-Mutant 28245 | -4/Armory | Found Gamma Bomb Array 28281 | -4/Armory | Found Fusion Bomb Launcher 28512 | -4/Armory | Destroyed 7 combat bots 28649 | -4/Armory | Lost 5 parts (3u2w) 28675 | -4/Armory | Destroyed 8 combat bots 28855 | -4/Armory | Fabricated Combat Drone Bay? 28911 | -4/Armory | Build established: Hauler-Mutant 29059 | -4/Armory | Destroyed 8 combat bots 29080 | -4/Armory | Intercept squad dispatched 29080 | -4/Armory | Spotted Tracker 29085 | -4/Armory | Spotted Tracker 29089 | -4/Armory | Spotted Combat Programmer 29094 | -4/Armory | System corruption reached 10% 29115 | -4/Armory | Destroyed Tracker 29117 | -4/Armory | Spotted Combat Programmer 29118 | -4/Armory | Destroyed Tracker 29144 | -4/Armory | Destroyed Combat Programmer 29203 | -4/Armory | Destroyed Combat Programmer 29219 | -4/Armory | Found Prototype Energy Cannon 29226 | -4/Armory | Discovered new exit (range 10) 29236 | -4/Armory | Found Exp. Targeting Computer 29238 | -4/Armory | Found Prototype Energy Gun 29238 | -4/Armory | Identified Immobilizer 29249 | -4/Armory | Found Prototype Energy Cannon 29354 | -4/Armory | Discovered new exit (range 5) 29359 | -4/Armory | Identified EMDS (x2) 29365 | -4/Armory | Entered Lab 29365 | -4/Lab | Discovered new exit (range 9) 29379 | -4/Lab | Hidden lab's door opened automatically 29379 | -4/Lab | Sensor layout match revealed 29380 | -4/Lab | Gained access to the hidden lab's interior 29386 | -4/Lab | Decrypted terminal 29389 | -4/Lab | Build established: Scavenger-Mutant 29391 | -4/Lab | Detected by scanners 29400 | -4/Lab | Confronted by A5 29462 | -4/Lab | Destroyed A5 29473 | -4/Lab | Found Prototype Special Weapon 29473 | -4/Lab | Identified Gui. Remote Datajack 29481 | -4/Lab | Decrypted terminal 29481 | -4/Lab | Acquired modification code for an L2 power cell 29486 | -4/Lab | Found Prototype Energy Gun 29486 | -4/Lab | Identified Tachyon Dispersion Ray 29490 | -4/Lab | Found Prototype Protection 29490 | -4/Lab | Identified Exp. Powered Armor 29506 | -4/Lab | Found Alien Artifact 29516 | -4/Lab | Found Alien Artifact 29523 | -4/Lab | Found Alien Artifact 29523 | -4/Lab | Identified Integrated Dissipator 29523 | -4/Lab | Installed Integrated Dissipator, increased core heat dissipation (+2%) 29532 | -4/Lab | Found Alien Artifact 29532 | -4/Lab | Identified Transdimensional Reconstructor 29532 | -4/Lab | Warped through subspace 29551 | -4/Lab | Identified Exp. System Shield 29555 | -4/Lab | Found Prototype Protection 29555 | -4/Lab | Identified Med. Regenerative Plating 29577 | -4/Lab | Entered Research 29577 | -3/Research | Evolved 2 slots: Utility x2 29578 | -3/Research | Identified exit to Research 29579 | -3/Research | Loaded intel: 96 trap records 29581 | -3/Research | Loaded intel: 119 machine locations 29661 | -3/Research | Fabricated Combat Drone Bay (x1) 29692 | -3/Research | Identified exit to Quarantine 29777 | -3/Research | Revision forces began assault on 0b10 29926 | -3/Research | Met up with Revision 17++ 29926 | -3/Research | Entered Quarantine 29926 | -3/Quarantine | Accompanied by 1 ally 29927 | -3/Quarantine | Loaded intel: 67 machine locations 29931 | -3/Quarantine | Found Alien Artifact 29931 | -3/Quarantine | Identified Subatomic Replicator 30015 | -3/Quarantine | Identified Core Expander 30015 | -3/Quarantine | Identified Core Reset Matrix 30015 | -3/Quarantine | Installed Core Expander, added new Propulsion slot 30040 | -3/Quarantine | Found Alien Energy Cannon 30071 | -3/Quarantine | Found Exp. Signal Interpreter 30138 | -3/Quarantine | Identified Core Cannon 30144 | -3/Quarantine | Found Sigix Terminator 30162 | -3/Quarantine | Found Hpw. Transdimensional Reconstructor 30163 | -3/Quarantine | Found Hpw. Transdimensional Reconstructor 30199 | -3/Quarantine | Identified exit to Garrison 30199 | -3/Quarantine | Entered Garrison 30200 | -3/Garrison | Loaded intel: 19 machine locations 30285 | -3/Garrison | Garrison Relay disabled 30327 | -3/Garrison | Triggered checkpoint 30327 | -3/Garrison | Spotted B-86 Titan 30359 | -3/Garrison | Discovered exit to Research (range 8) 30364 | -3/Garrison | Expanded RIF knowledge: Program Shield 30546 | -3/Garrison | Triggered checkpoint 30572 | -3/Garrison | Garrison Relay disabled 30671 | -3/Garrison | Triggered checkpoint 30675 | -3/Garrison | Allies destroyed B-86 Titan 30716 | -3/Garrison | Triggered checkpoint 30825 | -3/Garrison | Discovered exit to Research (range 8) 30841 | -3/Garrison | Garrison Relay disabled 30853 | -3/Garrison | Entered Research 30853 | -2/Research | Evolved 2 slots: Utility x2 30854 | -2/Research | Loaded intel: 99 machine locations 30948 | -2/Research | Fabricated Combat Drone Bay? 31148 | -2/Research | Local fabrication network quarantined 31169 | -2/Research | Spotted B-90 Cyclops 31210 | -2/Research | Intercept squad dispatched 31229 | -2/Research | Spotted Tracker 31230 | -2/Research | Spotted Tracker 31239 | -2/Research | Destroyed Tracker 31240 | -2/Research | Allies destroyed Tracker 31243 | -2/Research | Spotted Combat Programmer 31259 | -2/Research | Destroyed Combat Programmer 31274 | -2/Research | Spotted Combat Programmer 31311 | -2/Research | Destroyed Combat Programmer 31354 | -2/Research | Found Exp. Phase Shifter 31401 | -2/Research | First assault squad dispatched 31403 | -2/Research | Destroyed B-90 Cyclops 31487 | -2/Research | Destroyed 10 combat bots 31548 | -2/Research | Discovered new exit (range 44) 31629 | -2/Research | Repaired Cld. Antigrav System 31681 | -2/Research | Identified exit to Testing 31694 | -2/Research | Used Subatomic Replicator to create Alien Launcher 31696 | -2/Research | Identified Supercharged Sigix Terminator 31728 | -2/Research | Entered Testing 31728 | -2/Testing | Accompanied by 1 ally 31729 | -2/Testing | Loaded intel: 81 machine locations 31747 | -2/Testing | Found Com. Tesla Bomb Launcher 31748 | -2/Testing | Found Com. Tesla Bomb Launcher 31750 | -2/Testing | Found Com. Tesla Bomb Launcher 31766 | -2/Testing | Build established: Scavenger-Sprinter 31811 | -2/Testing | Discovered new exit (range 17) 31840 | -2/Testing | Spotted Fortress 31862 | -2/Testing | Discovered new exit (range 6) 31863 | -2/Testing | Identified exit to Section 7 32080 | -2/Testing | Entered Section 7 32081 | -2/Section 7 | Loaded intel: 155 machine locations 32122 | -2/Section 7 | Discovered new exit (range 15) 32245 | -2/Section 7 | Found Integrated Reactor 32245 | -2/Section 7 | Installed Integrated Reactor, increased core energy generation (+2%) 32275 | -2/Section 7 | Found Integrated Reactor 32275 | -2/Section 7 | Installed Integrated Reactor, increased core energy generation (+2%) 32321 | -2/Section 7 | Spotted S7 Guard 32326 | -2/Section 7 | Destroyed S7 Guard 32330 | -2/Section 7 | First assault squad dispatched 32336 | -2/Section 7 | Found Integrated Singularity Reactor 32336 | -2/Section 7 | Installed Integrated Singularity Reactor, increased core energy generation (+2%) 32349 | -2/Section 7 | Spotted B-90 Cyclops 32358 | -2/Section 7 | Intercept squad dispatched 32373 | -2/Section 7 | Spotted Tracker 32373 | -2/Section 7 | Spotted Tracker 32377 | -2/Section 7 | Destroyed Tracker 32382 | -2/Section 7 | Destroyed Tracker 32434 | -2/Section 7 | Build established: Scavenger-Mutant 32439 | -2/Section 7 | Spotted Combat Programmer 32442 | -2/Section 7 | Combat Programmer assimilated allied Director 9a 32453 | -2/Section 7 | Destroyed Combat Programmer 32453 | -2/Section 7 | Spotted Combat Programmer 32463 | -2/Section 7 | Destroyed Combat Programmer 32495 | -2/Section 7 | Found Exp. Targeting Computer 32547 | -2/Section 7 | Intercept squad dispatched 32559 | -2/Section 7 | Spotted Tracker 32560 | -2/Section 7 | Spotted Tracker 32564 | -2/Section 7 | Spotted Tracker 32566 | -2/Section 7 | Destroyed Tracker 32570 | -2/Section 7 | Allies destroyed Tracker 32571 | -2/Section 7 | Destroyed Tracker 32591 | -2/Section 7 | Spotted Combat Programmer 32592 | -2/Section 7 | Destroyed 7 combat bots 32592 | -2/Section 7 | Spotted Combat Programmer 32610 | -2/Section 7 | Destroyed Combat Programmer 32610 | -2/Section 7 | Spotted Combat Programmer 32613 | -2/Section 7 | Destroyed Combat Programmer 32638 | -2/Section 7 | Destroyed Combat Programmer 32656 | -2/Section 7 | Found Exp. Targeting Computer 32686 | -2/Section 7 | Found Exp. Focal Shield 32696 | -2/Section 7 | Found Integrity Redistributor 32790 | -2/Section 7 | Found Integrated Reactor 32790 | -2/Section 7 | Installed Integrated Reactor, increased core energy generation (+2%) 32797 | -2/Section 7 | Destroyed 7 combat bots 32862 | -2/Section 7 | Spotted S7 Guard 32893 | -2/Section 7 | Destroyed S7 Guard 32899 | -2/Section 7 | Found Prototype Protection 32911 | -2/Section 7 | Spotted S7 Guard 32921 | -2/Section 7 | Found Core Membrane 32921 | -2/Section 7 | Installed Core Membrane, gained immunity to corruption 32955 | -2/Section 7 | Destroyed S7 Guard 32966 | -2/Section 7 | Spotted Executioner 32966 | -2/Section 7 | Spotted Executioner 32971 | -2/Section 7 | Destroyed Executioner 32973 | -2/Section 7 | Destroyed Executioner 32979 | -2/Section 7 | Found Exp. Core Analyzer 32990 | -2/Section 7 | Intercept squad dispatched 32994 | -2/Section 7 | Destroyed 14 combat bots 32998 | -2/Section 7 | Spotted Tracker 32998 | -2/Section 7 | Destroyed Tracker 32999 | -2/Section 7 | Spotted Tracker 33003 | -2/Section 7 | Destroyed Tracker 33004 | -2/Section 7 | Spotted Tracker 33009 | -2/Section 7 | Destroyed Tracker 33010 | -2/Section 7 | Spotted Tracker 33016 | -2/Section 7 | Destroyed Tracker 33027 | -2/Section 7 | Spotted Combat Programmer 33028 | -2/Section 7 | Found Exp. Phase Shifter 33029 | -2/Section 7 | Spotted Combat Programmer 33042 | -2/Section 7 | Destroyed Combat Programmer 33061 | -2/Section 7 | Spotted Combat Programmer 33072 | -2/Section 7 | Destroyed Combat Programmer 33073 | -2/Section 7 | Spotted Combat Programmer 33077 | -2/Section 7 | Destroyed Combat Programmer 33095 | -2/Section 7 | Destroyed Combat Programmer 33166 | -2/Section 7 | High security lockdown imminent 33192 | -2/Section 7 | Spotted B-99 Colossus 33201 | -2/Section 7 | Destroyed 9 combat bots 33202 | -2/Section 7 | Found Integrated Dissipator 33202 | -2/Section 7 | Installed Integrated Dissipator, increased core heat dissipation (+2%) 33203 | -2/Section 7 | Found Integrated Dissipator 33203 | -2/Section 7 | Installed Integrated Dissipator, increased core heat dissipation (+2%) 33205 | -2/Section 7 | Found Integrated Dissipator 33205 | -2/Section 7 | Installed Integrated Dissipator, increased core heat dissipation (+2%) 33216 | -2/Section 7 | Door terminal overloaded 33221 | -2/Section 7 | Found LRC Boosters 33221 | -2/Section 7 | Installed LRC Boosters, increased mass support (+10) 33246 | -2/Section 7 | High security lockdown engaged 33292 | -2/Section 7 | Found Core Regenerator 33341 | -2/Section 7 | Identified exit to Access 33341 | -2/Section 7 | Entered Access 33341 | -1/Access | Evolved 2 slots: Utility x2 33341 | -1/Access | Identified Hvy. Regenerative Plating 33342 | -1/Access | Loaded intel: 120 machine locations 33364 | -1/Access | Build established: Scavenger-Sprinter 33427 | -1/Access | Garrison activated, responded to threat 33454 | -1/Access | Discovered new exit (range 12) 33464 | -1/Access | Identified exit to Command 33464 | -1/Access | Entered Command 33465 | -1/Command | Loaded intel: 56 machine locations 33530 | -1/Command | Spotted Combat Programmer 33533 | -1/Command | Destroyed M Guard 33541 | -1/Command | Spotted Combat Programmer 33546 | -1/Command | Destroyed M Guard 33600 | -1/Command | Destroyed Combat Programmer 33606 | -1/Command | Destroyed Combat Programmer 33606 | -1/Command | Destroyed all MAIN.C guards 33617 | -1/Command | Found Zero-point Reactor 33625 | -1/Command | Used Integrity Redistributor, redistributed integrity from core (-274) 33634 | -1/Command | Found Zero-point Reactor 33810 | -1/Command | Build established: Scavenger-Mutant 33829 | -1/Command | Destroyed 7 combat bots 34052 | -1/Command | Found Exp. Focal Shield 34082 | -1/Command | Met MAIN.C 34082 | -1/Command | Hacked MAIN.C using A7's code 34100 | -1/Command | 0b10 Conduit disabled 34317 | -1/Command | Destroyed MAIN.C Shell 34320 | -1/Command | MAIN.C activated Command garrisons 34381 | -1/Command | Build established: Scavenger-Sprinter 34465 | -1/Command | Destroyed MAIN.C 34782 | -1/Command | Build established: Scavenger-Mutant 35418 | -1/Command | Spotted Executioner 35428 | -1/Command | Destroyed Executioner 35436 | -1/Command | Found Adv. Kinecellerator 35731 | -1/Command | Used Core Regenerator, restored core integrity (+400) 35754 | -1/Command | Discovered new exit (range 9) 35834 | -1/Command | Found Prototype Device 36020 | -1/Command | Build established: Scavenger-Sprinter 36025 | -1/Command | Discovered new exit (range 20) 36025 | -1/Command | Spotted B-99 Colossus 36042 | -1/Command | Destroyed B-99 Colossus 36226 | -1/Command | Found Prototype Launcher 36234 | -1/Command | Identified Gui. Micro-nuke Launcher 36352 | -1/Command | Identified EM Dispersion Field 36435 | -1/Command | Spotted B-99 Colossus 36701 | -1/Command | Warped through subspace to slip node 36701 | -1/Command | Discovered new exit (range 4) 36710 | -1/Command | Entered Access_0 36711 | -1/Access_0 | Loaded intel: 48 machine locations 36712 | -1/Access_0 | Met Architect 36740 | -1/Access_0 | Destroyed A8 36748 | -1/Access_0 | Architect warped through subspace 36759 | -1/Access_0 | Spotted Enhanced Programmer 36775 | -1/Access_0 | Spotted Enhanced Programmer 36786 | -1/Access_0 | Found Thermal Barrier 36793 | -1/Access_0 | Subspace Access Node disabled 36803 | -1/Access_0 | Architect warped through subspace 36803 | -1/Access_0 | Destroyed Enhanced Programmer 36803 | -1/Access_0 | Subspace Access Node disabled 36803 | -1/Access_0 | Subspace Access Node disabled 36810 | -1/Access_0 | Spotted Enhanced Programmer 36814 | -1/Access_0 | Spotted Enhanced Programmer 36815 | -1/Access_0 | Destroyed Enhanced Programmer 36818 | -1/Access_0 | Spotted Enhanced Programmer 36825 | -1/Access_0 | Destroyed Enhanced Programmer 36828 | -1/Access_0 | Destroyed Enhanced Programmer 36849 | -1/Access_0 | Destroyed 13 combat bots 36867 | -1/Access_0 | Destroyed Enhanced Programmer 36905 | -1/Access_0 | Architect warped through subspace 36918 | -1/Access_0 | A6 warped into view 36920 | -1/Access_0 | Lost 6 parts (4n2u) 36933 | -1/Access_0 | Spotted Enhanced Programmer 36933 | -1/Access_0 | Spotted Enhanced Programmer 36987 | -1/Access_0 | Core integrity fell below 50% 36988 | -1/Access_0 | Destroyed A6 37013 | -1/Access_0 | Core integrity fell below 20% 37014 | -1/Access_0 | Warped through subspace to slip node 37014 | -1/Access_0 | Discovered new exit (range 8) 37044 | -1/Access_0 | Lost 22 parts (3p7n11u1w) 37044 | *** | Establishing 0b11! Last Messages --------------- 37011_ HV Slug penetrates Architect Shell. 37011_ Penetrated by HV Slug. 37011_ Critical hit. 37012_ Penetrated by HV Slug. 37012_ HV Slug penetrates Architect Shell. 37012_ Penetrated by HV Slug. 37012_ Critical hit. 37012_ Tesla Bomb intercepted. 37012_ Penetrated by Quantum Shear. 37013_ Core Membrane filtered system corruption (1). 37013_ HV Slug penetrates Architect Shell. 37013_ Critical hit. 37013_ Hvy. Regenerative Plating destroyed. 37013_ Knocked back. 37013_ HV Slug penetrates Architect Shell. 37013_ Knocked back. 37014_ Warped through subspace, drawn to slip node. 37014_ EXIT=FOUND 37028_ Acquired Prototype Ballistic Cannon. 37028_ Identified Hyp. Linear Accelerator. Map ----- +----------------------------------------------------+ | | | | | | | | | | | | | | | | | | | | | | | | | | | | | | | | | ?????????????????????????????????????????????????? | | ?????????????????????????????????????????????????? | | ?????????????????????????????????????????????????? | | ?????????????????????????????????????????????????? | | ?????????????????????????????????????????????????? | | ?????????????????????????????????????????????????? | | ????????????????????????###??????????????????????? | | ???????????????????????## ##?????????????????????? | | ???????????????????????# #?????????????????????? | | ???????????????????????# @ #?????????????????????? | | ??????????????????????## #?????????????????????? | | ??????????????????????# #?????????????????????? | | ??????????????????????# ##?????????????????????? | | ??????????????????????## #?????????????????????? | | ??????????????????????# #?????????????????????? | | ??????????????????????# ##?????????????????????? | | ??????????????????????# < #?????????????????????? | | ??????????????????????# ##?????????????????????? | | ??????????????????????## #??????????????????????? | | ???????????????????????####??????????????????????? | | ?????????????????????????????????????????????????? | | ?????????????????????????????????????????????????? | | ?????????????????????????????????????????????????? | | ?????????????????????????????????????????????????? | | ?????????????????????????????????????????????????? | | ?????????????????????????????????????????????????? | | ?????????????????????????????????????????????????? | | ?????????????????????????????????????????????????? | | ?????????????????????????????????????????????????? | | ?????????????????????????????????????????????????? | | ?????????????????????????????????????????????????? | | ?????????????????????????????????????????????????? | | ?????????????????????????????????????????????????? | | ?????????????????????????????????????????????????? | +----------------------------------------------------+ Best States ------------- Heat Dissipation 132 Energy Generation 107 Energy Capacity 2490 Matter Stores 300 Matter Capacity 300 Sight Range 23 Robot Scan Range 20 Terrain Scan Range 24 Terrain Scan Density 210 Jamming Range 16 Power Amplification 30 Additional Mass Support 9 EM Shielding 2 Armor Coverage 2400 Resistance: KI 40 Resistance: TH 50 Resistance: EM 90 Propulsion Shielding 66 Weapon Shielding 66 Weapon Cycling 25 Phase Shifting 20 Evasion (%) 95 Targeting Accuracy 24 Target Analysis 8 Core Analysis 15 Armor Integrity Analysis 66 Recoil Reduction 3 Matter Filtering 30 Kinecelleration 50 Offensive Hacking 12 Defensive Hacking 10 Item Schematics ----------------- Cmb. Airjet | -8/Materials | Scanalyzed Combat Drone Bay | -7/Data Miner | Free Lgt. Regenerative Plating | -7/Data Miner | Free Exp. Flexi-carbon Leg | -7/Data Miner | Free Exp. Transmission Jammer | -7/Data Miner | Free Cloaking Device | -7/Data Miner | Free Kinetic Spear | -7/Data Miner | Free Robot Schematics ------------------ S-27 Virus | -7/Data Miner | Free G-50 Soldier | -7/Data Miner | Free G-67 Veteran | -7/Data Miner | Free X-72 Disruptor | -7/Data Miner | Free I-36 Angel | -7/Data Miner | Free I-47 Archangel | -7/Data Miner | Free Fabricated ------------ Cmb. Airjet | x2 | -7/Factory G-67 Veteran | x3 | -5/Factory Combat Drone Bay | x1 | -5/Factory Com. HERF Cannon | x1 | -5/Factory | Preloaded Combat Drone Bay | x1 | -4/Armory Combat Drone Bay | x1 | -3/Research Combat Drone Bay | x1 | -2/Research Alien Tech Used ----------------- Integrated Dissipator Transdimensional Reconstructor Subatomic Replicator Core Expander Core Cannon Supercharged Sigix Terminator Integrated Reactor Integrated Singularity Reactor Core Membrane LRC Boosters Integrity Redistributor Core Regenerator High-powered Transdimensional Reconstructor Achievements -------------- None Challenges ------------ None Game ------ Seed UltimateMachineSteel Manual? 0 Play Time 11:21:59 Cumulative 993.8 hours Start 2019.11.27 @ 18:55:24 End 2019.12.01 @ 14:19:49 Sessions 11 Manual Loads 0 Difficulty Rogue Special Mode None Game No. 372 Rogue 372 Adventurer 0 Explorer 0 Win Type 1 Total 246 Types 213/5/11/3/3/2/9 Lore% 97 Gallery% 99 Achievement% 91 Wizard Run 0 Options --------- ASCII 0 Keyboard 0 Movement Numpad Keybinds 0 Fullscreen 1 Font 18/Terminus Map View 76x50 Tactical HUD 1 Map Filters NONE Filters NONE Steam 1 RUN: 5ef60344-f71b-460a-a93b-2e0b3e8e7f1a